%YAML 1.1
%TAG !u! tag:unity3d.com,2011:
--- !u!29 &1
OcclusionCullingSettings:
  m_ObjectHideFlags: 0
  serializedVersion: 2
  m_OcclusionBakeSettings:
    smallestOccluder: 5
    smallestHole: 0.25
    backfaceThreshold: 100
  m_SceneGUID: 00000000000000000000000000000000
  m_OcclusionCullingData: {fileID: 0}
--- !u!104 &2
RenderSettings:
  m_ObjectHideFlags: 0
  serializedVersion: 8
  m_Fog: 0
  m_FogColor: {r: 0.5, g: 0.5, b: 0.5, a: 1}
  m_FogMode: 3
  m_FogDensity: 0.01
  m_LinearFogStart: 0
  m_LinearFogEnd: 300
  m_AmbientSkyColor: {r: 0.212, g: 0.227, b: 0.259, a: 1}
  m_AmbientEquatorColor: {r: 0.114, g: 0.125, b: 0.133, a: 1}
  m_AmbientGroundColor: {r: 0.047, g: 0.043, b: 0.035, a: 1}
  m_AmbientIntensity: 1
  m_AmbientMode: 0
  m_SubtractiveShadowColor: {r: 0.42, g: 0.478, b: 0.627, a: 1}
  m_SkyboxMaterial: {fileID: 10304, guid: 0000000000000000f000000000000000, type: 0}
  m_HaloStrength: 0.5
  m_FlareStrength: 1
  m_FlareFadeSpeed: 3
  m_HaloTexture: {fileID: 0}
  m_SpotCookie: {fileID: 10001, guid: 0000000000000000e000000000000000, type: 0}
  m_DefaultReflectionMode: 0
  m_DefaultReflectionResolution: 128
  m_ReflectionBounces: 1
  m_ReflectionIntensity: 1
  m_CustomReflection: {fileID: 0}
  m_Sun: {fileID: 0}
  m_IndirectSpecularColor: {r: 0, g: 0, b: 0, a: 1}
--- !u!157 &4
LightmapSettings:
  m_ObjectHideFlags: 0
  serializedVersion: 9
  m_GIWorkflowMode: 0
  m_GISettings:
    serializedVersion: 2
    m_BounceScale: 1
    m_IndirectOutputScale: 1
    m_AlbedoBoost: 1
    m_TemporalCoherenceThreshold: 1
    m_EnvironmentLightingMode: 0
    m_EnableBakedLightmaps: 1
    m_EnableRealtimeLightmaps: 1
  m_LightmapEditorSettings:
    serializedVersion: 8
    m_Resolution: 2
    m_BakeResolution: 40
    m_TextureWidth: 1024
    m_TextureHeight: 1024
    m_AO: 0
    m_AOMaxDistance: 1
    m_CompAOExponent: 0
    m_CompAOExponentDirect: 0
    m_Padding: 2
    m_LightmapParameters: {fileID: 0}
    m_LightmapsBakeMode: 1
    m_TextureCompression: 1
    m_FinalGather: 0
    m_FinalGatherFiltering: 1
    m_FinalGatherRayCount: 1024
    m_ReflectionCompression: 2
    m_MixedBakeMode: 1
    m_BakeBackend: 0
    m_PVRSampling: 1
    m_PVRDirectSampleCount: 32
    m_PVRSampleCount: 500
    m_PVRBounces: 2
    m_PVRFiltering: 0
    m_PVRFilteringMode: 1
    m_PVRCulling: 1
    m_PVRFilteringGaussRadiusDirect: 1
    m_PVRFilteringGaussRadiusIndirect: 5
    m_PVRFilteringGaussRadiusAO: 2
    m_PVRFilteringAtrousColorSigma: 1
    m_PVRFilteringAtrousNormalSigma: 1
    m_PVRFilteringAtrousPositionSigma: 1
  m_LightingDataAsset: {fileID: 0}
  m_ShadowMaskMode: 2
--- !u!196 &5
NavMeshSettings:
  serializedVersion: 2
  m_ObjectHideFlags: 0
  m_BuildSettings:
    serializedVersion: 2
    agentTypeID: 0
    agentRadius: 0.5
    agentHeight: 2
    agentSlope: 45
    agentClimb: 0.4
    ledgeDropHeight: 0
    maxJumpAcrossDistance: 0
    minRegionArea: 2
    manualCellSize: 0
    cellSize: 0.16666667
    manualTileSize: 0
    tileSize: 256
    accuratePlacement: 0
  m_NavMeshData: {fileID: 0}
--- !u!1 &15429752
GameObject:
  m_ObjectHideFlags: 0
  m_PrefabParentObject: {fileID: 196342, guid: f1de4bbb502ee8d409a782814fd8a0f3, type: 2}
  m_PrefabInternal: {fileID: 2069744234}
  serializedVersion: 5
  m_Component:
  - component: {fileID: 15429753}
  - component: {fileID: 15429755}
  - component: {fileID: 15429754}
  m_Layer: 5
  m_Name: AppTitle
  m_TagString: Untagged
  m_Icon: {fileID: 0}
  m_NavMeshLayer: 0
  m_StaticEditorFlags: 0
  m_IsActive: 1
--- !u!224 &15429753
RectTransform:
  m_ObjectHideFlags: 0
  m_PrefabParentObject: {fileID: 22496342, guid: f1de4bbb502ee8d409a782814fd8a0f3,
    type: 2}
  m_PrefabInternal: {fileID: 2069744234}
  m_GameObject: {fileID: 15429752}
  m_LocalRotation: {x: 0, y: 0, z: 0, w: 1}
  m_LocalPosition: {x: 0, y: 0, z: 0}
  m_LocalScale: {x: 1, y: 1, z: 1}
  m_Children:
  - {fileID: 632878147}
  m_Father: {fileID: 95989696}
  m_RootOrder: 0
  m_LocalEulerAnglesHint: {x: 0, y: 0, z: 0}
  m_AnchorMin: {x: 0.5, y: 0.5}
  m_AnchorMax: {x: 0.5, y: 0.5}
  m_AnchoredPosition: {x: 28, y: 679}
  m_SizeDelta: {x: 695, y: 109}
  m_Pivot: {x: 0.5, y: 0.5}
--- !u!114 &15429754
MonoBehaviour:
  m_ObjectHideFlags: 0
  m_PrefabParentObject: {fileID: 11496350, guid: f1de4bbb502ee8d409a782814fd8a0f3,
    type: 2}
  m_PrefabInternal: {fileID: 2069744234}
  m_GameObject: {fileID: 15429752}
  m_Enabled: 1
  m_EditorHideFlags: 0
  m_Script: {fileID: 708705254, guid: f5f67c52d1564df4a8936ccd202a3bd8, type: 3}
  m_Name: 
  m_EditorClassIdentifier: 
  m_Material: {fileID: 0}
  m_Color: {r: 0.85490197, g: 0.85490197, b: 0.85490197, a: 1}
  m_RaycastTarget: 1
  m_OnCullStateChanged:
    m_PersistentCalls:
      m_Calls: []
    m_TypeName: UnityEngine.UI.MaskableGraphic+CullStateChangedEvent, UnityEngine.UI,
      Version=1.0.0.0, Culture=neutral, PublicKeyToken=null
  m_FontData:
    m_Font: {fileID: 12800000, guid: 218956a5c2a6e42d6a60afccf80b002b, type: 3}
    m_FontSize: 100
    m_FontStyle: 0
    m_BestFit: 0
    m_MinSize: 10
    m_MaxSize: 100
    m_Alignment: 0
    m_AlignByGeometry: 0
    m_RichText: 1
    m_HorizontalOverflow: 0
    m_VerticalOverflow: 1
    m_LineSpacing: 1
  m_Text: CHARTS
--- !u!222 &15429755
CanvasRenderer:
  m_ObjectHideFlags: 0
  m_PrefabParentObject: {fileID: 22296342, guid: f1de4bbb502ee8d409a782814fd8a0f3,
    type: 2}
  m_PrefabInternal: {fileID: 2069744234}
  m_GameObject: {fileID: 15429752}
--- !u!1 &59418635
GameObject:
  m_ObjectHideFlags: 0
  m_PrefabParentObject: {fileID: 196322, guid: f1de4bbb502ee8d409a782814fd8a0f3, type: 2}
  m_PrefabInternal: {fileID: 2069744234}
  serializedVersion: 5
  m_Component:
  - component: {fileID: 59418636}
  - component: {fileID: 59418638}
  - component: {fileID: 59418637}
  m_Layer: 5
  m_Name: Text
  m_TagString: Untagged
  m_Icon: {fileID: 0}
  m_NavMeshLayer: 0
  m_StaticEditorFlags: 0
  m_IsActive: 1
--- !u!224 &59418636
RectTransform:
  m_ObjectHideFlags: 0
  m_PrefabParentObject: {fileID: 22496322, guid: f1de4bbb502ee8d409a782814fd8a0f3,
    type: 2}
  m_PrefabInternal: {fileID: 2069744234}
  m_GameObject: {fileID: 59418635}
  m_LocalRotation: {x: 0, y: 0, z: 0, w: 1}
  m_LocalPosition: {x: 0, y: 0, z: 0}
  m_LocalScale: {x: 1, y: 1, z: 1}
  m_Children: []
  m_Father: {fileID: 1940715633}
  m_RootOrder: 2
  m_LocalEulerAnglesHint: {x: 0, y: 0, z: 0}
  m_AnchorMin: {x: 0.5, y: 0.5}
  m_AnchorMax: {x: 0.5, y: 0.5}
  m_AnchoredPosition: {x: 0, y: -190}
  m_SizeDelta: {x: 198, y: 42}
  m_Pivot: {x: 0.5, y: 0.5}
--- !u!114 &59418637
MonoBehaviour:
  m_ObjectHideFlags: 0
  m_PrefabParentObject: {fileID: 11496324, guid: f1de4bbb502ee8d409a782814fd8a0f3,
    type: 2}
  m_PrefabInternal: {fileID: 2069744234}
  m_GameObject: {fileID: 59418635}
  m_Enabled: 1
  m_EditorHideFlags: 0
  m_Script: {fileID: 708705254, guid: f5f67c52d1564df4a8936ccd202a3bd8, type: 3}
  m_Name: 
  m_EditorClassIdentifier: 
  m_Material: {fileID: 0}
  m_Color: {r: 0.49264705, g: 0.49264705, b: 0.49264705, a: 1}
  m_RaycastTarget: 1
  m_OnCullStateChanged:
    m_PersistentCalls:
      m_Calls: []
    m_TypeName: UnityEngine.UI.MaskableGraphic+CullStateChangedEvent, UnityEngine.UI,
      Version=1.0.0.0, Culture=neutral, PublicKeyToken=null
  m_FontData:
    m_Font: {fileID: 12800000, guid: 218956a5c2a6e42d6a60afccf80b002b, type: 3}
    m_FontSize: 19
    m_FontStyle: 0
    m_BestFit: 0
    m_MinSize: 10
    m_MaxSize: 40
    m_Alignment: 4
    m_AlignByGeometry: 0
    m_RichText: 1
    m_HorizontalOverflow: 0
    m_VerticalOverflow: 0
    m_LineSpacing: 1
  m_Text: READY TO GO
--- !u!222 &59418638
CanvasRenderer:
  m_ObjectHideFlags: 0
  m_PrefabParentObject: {fileID: 22296322, guid: f1de4bbb502ee8d409a782814fd8a0f3,
    type: 2}
  m_PrefabInternal: {fileID: 2069744234}
  m_GameObject: {fileID: 59418635}
--- !u!1 &62934354
GameObject:
  m_ObjectHideFlags: 0
  m_PrefabParentObject: {fileID: 196346, guid: f1de4bbb502ee8d409a782814fd8a0f3, type: 2}
  m_PrefabInternal: {fileID: 2069744234}
  serializedVersion: 5
  m_Component:
  - component: {fileID: 62934355}
  - component: {fileID: 62934357}
  - component: {fileID: 62934356}
  m_Layer: 5
  m_Name: Text
  m_TagString: Untagged
  m_Icon: {fileID: 0}
  m_NavMeshLayer: 0
  m_StaticEditorFlags: 0
  m_IsActive: 1
--- !u!224 &62934355
RectTransform:
  m_ObjectHideFlags: 0
  m_PrefabParentObject: {fileID: 22496346, guid: f1de4bbb502ee8d409a782814fd8a0f3,
    type: 2}
  m_PrefabInternal: {fileID: 2069744234}
  m_GameObject: {fileID: 62934354}
  m_LocalRotation: {x: 0, y: 0, z: -1, w: -0.00000004371139}
  m_LocalPosition: {x: 0, y: 0, z: 0}
  m_LocalScale: {x: 1.25, y: 1.25, z: 1}
  m_Children: []
  m_Father: {fileID: 1861894828}
  m_RootOrder: 0
  m_LocalEulerAnglesHint: {x: 0, y: 0, z: 0}
  m_AnchorMin: {x: 0.5, y: 0.5}
  m_AnchorMax: {x: 0.5, y: 0.5}
  m_AnchoredPosition: {x: 19.6, y: -1.2}
  m_SizeDelta: {x: 225, y: 95}
  m_Pivot: {x: 0.5, y: 0.5}
--- !u!114 &62934356
MonoBehaviour:
  m_ObjectHideFlags: 0
  m_PrefabParentObject: {fileID: 11496354, guid: f1de4bbb502ee8d409a782814fd8a0f3,
    type: 2}
  m_PrefabInternal: {fileID: 2069744234}
  m_GameObject: {fileID: 62934354}
  m_Enabled: 1
  m_EditorHideFlags: 0
  m_Script: {fileID: 708705254, guid: f5f67c52d1564df4a8936ccd202a3bd8, type: 3}
  m_Name: 
  m_EditorClassIdentifier: 
  m_Material: {fileID: 0}
  m_Color: {r: 1, g: 1, b: 1, a: 1}
  m_RaycastTarget: 1
  m_OnCullStateChanged:
    m_PersistentCalls:
      m_Calls: []
    m_TypeName: UnityEngine.UI.MaskableGraphic+CullStateChangedEvent, UnityEngine.UI,
      Version=1.0.0.0, Culture=neutral, PublicKeyToken=null
  m_FontData:
    m_Font: {fileID: 12800000, guid: 218956a5c2a6e42d6a60afccf80b002b, type: 3}
    m_FontSize: 40
    m_FontStyle: 0
    m_BestFit: 0
    m_MinSize: 10
    m_MaxSize: 40
    m_Alignment: 4
    m_AlignByGeometry: 0
    m_RichText: 1
    m_HorizontalOverflow: 0
    m_VerticalOverflow: 0
    m_LineSpacing: 1
  m_Text: Charts
--- !u!222 &62934357
CanvasRenderer:
  m_ObjectHideFlags: 0
  m_PrefabParentObject: {fileID: 22296346, guid: f1de4bbb502ee8d409a782814fd8a0f3,
    type: 2}
  m_PrefabInternal: {fileID: 2069744234}
  m_GameObject: {fileID: 62934354}
--- !u!1 &90668560
GameObject:
  m_ObjectHideFlags: 0
  m_PrefabParentObject: {fileID: 196312, guid: f1de4bbb502ee8d409a782814fd8a0f3, type: 2}
  m_PrefabInternal: {fileID: 2069744234}
  serializedVersion: 5
  m_Component:
  - component: {fileID: 90668561}
  - component: {fileID: 90668563}
  - component: {fileID: 90668562}
  m_Layer: 5
  m_Name: Text
  m_TagString: Untagged
  m_Icon: {fileID: 0}
  m_NavMeshLayer: 0
  m_StaticEditorFlags: 0
  m_IsActive: 1
--- !u!224 &90668561
RectTransform:
  m_ObjectHideFlags: 0
  m_PrefabParentObject: {fileID: 22496312, guid: f1de4bbb502ee8d409a782814fd8a0f3,
    type: 2}
  m_PrefabInternal: {fileID: 2069744234}
  m_GameObject: {fileID: 90668560}
  m_LocalRotation: {x: 0, y: 0, z: 0, w: 1}
  m_LocalPosition: {x: 0, y: 0, z: 0}
  m_LocalScale: {x: 1, y: 1, z: 1}
  m_Children: []
  m_Father: {fileID: 2085469885}
  m_RootOrder: 3
  m_LocalEulerAnglesHint: {x: 0, y: 0, z: 0}
  m_AnchorMin: {x: 0.5, y: 0.5}
  m_AnchorMax: {x: 0.5, y: 0.5}
  m_AnchoredPosition: {x: 0, y: -188.5}
  m_SizeDelta: {x: 198, y: 42}
  m_Pivot: {x: 0.5, y: 0.5}
--- !u!114 &90668562
MonoBehaviour:
  m_ObjectHideFlags: 0
  m_PrefabParentObject: {fileID: 11496314, guid: f1de4bbb502ee8d409a782814fd8a0f3,
    type: 2}
  m_PrefabInternal: {fileID: 2069744234}
  m_GameObject: {fileID: 90668560}
  m_Enabled: 1
  m_EditorHideFlags: 0
  m_Script: {fileID: 708705254, guid: f5f67c52d1564df4a8936ccd202a3bd8, type: 3}
  m_Name: 
  m_EditorClassIdentifier: 
  m_Material: {fileID: 0}
  m_Color: {r: 0.49264705, g: 0.49264705, b: 0.49264705, a: 1}
  m_RaycastTarget: 1
  m_OnCullStateChanged:
    m_PersistentCalls:
      m_Calls: []
    m_TypeName: UnityEngine.UI.MaskableGraphic+CullStateChangedEvent, UnityEngine.UI,
      Version=1.0.0.0, Culture=neutral, PublicKeyToken=null
  m_FontData:
    m_Font: {fileID: 12800000, guid: 218956a5c2a6e42d6a60afccf80b002b, type: 3}
    m_FontSize: 19
    m_FontStyle: 0
    m_BestFit: 0
    m_MinSize: 10
    m_MaxSize: 40
    m_Alignment: 4
    m_AlignByGeometry: 0
    m_RichText: 1
    m_HorizontalOverflow: 0
    m_VerticalOverflow: 0
    m_LineSpacing: 1
  m_Text: READY TO GO
--- !u!222 &90668563
CanvasRenderer:
  m_ObjectHideFlags: 0
  m_PrefabParentObject: {fileID: 22296312, guid: f1de4bbb502ee8d409a782814fd8a0f3,
    type: 2}
  m_PrefabInternal: {fileID: 2069744234}
  m_GameObject: {fileID: 90668560}
--- !u!1 &95989691
GameObject:
  m_ObjectHideFlags: 0
  m_PrefabParentObject: {fileID: 196332, guid: f1de4bbb502ee8d409a782814fd8a0f3, type: 2}
  m_PrefabInternal: {fileID: 2069744234}
  serializedVersion: 5
  m_Component:
  - component: {fileID: 95989696}
  - component: {fileID: 95989695}
  - component: {fileID: 95989694}
  - component: {fileID: 95989693}
  - component: {fileID: 95989692}
  m_Layer: 5
  m_Name: ChartsApp_1
  m_TagString: Untagged
  m_Icon: {fileID: 0}
  m_NavMeshLayer: 0
  m_StaticEditorFlags: 0
  m_IsActive: 1
--- !u!222 &95989692
CanvasRenderer:
  m_ObjectHideFlags: 0
  m_PrefabParentObject: {fileID: 22296332, guid: f1de4bbb502ee8d409a782814fd8a0f3,
    type: 2}
  m_PrefabInternal: {fileID: 2069744234}
  m_GameObject: {fileID: 95989691}
--- !u!114 &95989693
MonoBehaviour:
  m_ObjectHideFlags: 0
  m_PrefabParentObject: {fileID: 11496336, guid: f1de4bbb502ee8d409a782814fd8a0f3,
    type: 2}
  m_PrefabInternal: {fileID: 2069744234}
  m_GameObject: {fileID: 95989691}
  m_Enabled: 1
  m_EditorHideFlags: 0
  m_Script: {fileID: 1301386320, guid: f5f67c52d1564df4a8936ccd202a3bd8, type: 3}
  m_Name: 
  m_EditorClassIdentifier: 
  m_IgnoreReversedGraphics: 1
  m_BlockingObjects: 0
  m_BlockingMask:
    serializedVersion: 2
    m_Bits: 4294967295
--- !u!114 &95989694
MonoBehaviour:
  m_ObjectHideFlags: 0
  m_PrefabParentObject: {fileID: 11496338, guid: f1de4bbb502ee8d409a782814fd8a0f3,
    type: 2}
  m_PrefabInternal: {fileID: 2069744234}
  m_GameObject: {fileID: 95989691}
  m_Enabled: 1
  m_EditorHideFlags: 0
  m_Script: {fileID: 1980459831, guid: f5f67c52d1564df4a8936ccd202a3bd8, type: 3}
  m_Name: 
  m_EditorClassIdentifier: 
  m_UiScaleMode: 1
  m_ReferencePixelsPerUnit: 100
  m_ScaleFactor: 1
  m_ReferenceResolution: {x: 640, y: 1136}
  m_ScreenMatchMode: 0
  m_MatchWidthOrHeight: 1
  m_PhysicalUnit: 3
  m_FallbackScreenDPI: 96
  m_DefaultSpriteDPI: 96
  m_DynamicPixelsPerUnit: 1
--- !u!223 &95989695
Canvas:
  m_ObjectHideFlags: 0
  m_PrefabParentObject: {fileID: 22396302, guid: f1de4bbb502ee8d409a782814fd8a0f3,
    type: 2}
  m_PrefabInternal: {fileID: 2069744234}
  m_GameObject: {fileID: 95989691}
  m_Enabled: 1
  serializedVersion: 3
  m_RenderMode: 0
  m_Camera: {fileID: 0}
  m_PlaneDistance: 100
  m_PixelPerfect: 1
  m_ReceivesEvents: 1
  m_OverrideSorting: 0
  m_OverridePixelPerfect: 0
  m_SortingBucketNormalizedSize: 0
  m_AdditionalShaderChannelsFlag: 25
  m_SortingLayerID: 0
  m_SortingOrder: 0
  m_TargetDisplay: 0
--- !u!224 &95989696
RectTransform:
  m_ObjectHideFlags: 0
  m_PrefabParentObject: {fileID: 22496332, guid: f1de4bbb502ee8d409a782814fd8a0f3,
    type: 2}
  m_PrefabInternal: {fileID: 2069744234}
  m_GameObject: {fileID: 95989691}
  m_LocalRotation: {x: 0, y: 0, z: 0, w: 1}
  m_LocalPosition: {x: 0, y: 0, z: 0}
  m_LocalScale: {x: 0, y: 0, z: 0}
  m_Children:
  - {fileID: 15429753}
  - {fileID: 1510696711}
  m_Father: {fileID: 0}
  m_RootOrder: 0
  m_LocalEulerAnglesHint: {x: 0, y: 0, z: 0}
  m_AnchorMin: {x: 0, y: 0}
  m_AnchorMax: {x: 0, y: 0}
  m_AnchoredPosition: {x: 0, y: 0}
  m_SizeDelta: {x: 0, y: 0}
  m_Pivot: {x: 0, y: 0}
--- !u!1 &111045895
GameObject:
  m_ObjectHideFlags: 0
  m_PrefabParentObject: {fileID: 196330, guid: f1de4bbb502ee8d409a782814fd8a0f3, type: 2}
  m_PrefabInternal: {fileID: 2069744234}
  serializedVersion: 5
  m_Component:
  - component: {fileID: 111045896}
  - component: {fileID: 111045898}
  - component: {fileID: 111045897}
  m_Layer: 5
  m_Name: FillingObject
  m_TagString: Untagged
  m_Icon: {fileID: 0}
  m_NavMeshLayer: 0
  m_StaticEditorFlags: 0
  m_IsActive: 1
--- !u!224 &111045896
RectTransform:
  m_ObjectHideFlags: 0
  m_PrefabParentObject: {fileID: 22496330, guid: f1de4bbb502ee8d409a782814fd8a0f3,
    type: 2}
  m_PrefabInternal: {fileID: 2069744234}
  m_GameObject: {fileID: 111045895}
  m_LocalRotation: {x: 0, y: 0, z: 0, w: 1}
  m_LocalPosition: {x: 0, y: 0, z: 0}
  m_LocalScale: {x: 1, y: 1, z: 1}
  m_Children:
  - {fileID: 317024340}
  m_Father: {fileID: 169879214}
  m_RootOrder: 0
  m_LocalEulerAnglesHint: {x: 0, y: 0, z: 0}
  m_AnchorMin: {x: 0.5, y: 0.5}
  m_AnchorMax: {x: 0.5, y: 0.5}
  m_AnchoredPosition: {x: 0, y: 0}
  m_SizeDelta: {x: 231, y: 231}
  m_Pivot: {x: 0.5, y: 0.5}
--- !u!114 &111045897
MonoBehaviour:
  m_ObjectHideFlags: 0
  m_PrefabParentObject: {fileID: 11496334, guid: f1de4bbb502ee8d409a782814fd8a0f3,
    type: 2}
  m_PrefabInternal: {fileID: 2069744234}
  m_GameObject: {fileID: 111045895}
  m_Enabled: 1
  m_EditorHideFlags: 0
  m_Script: {fileID: -765806418, guid: f5f67c52d1564df4a8936ccd202a3bd8, type: 3}
  m_Name: 
  m_EditorClassIdentifier: 
  m_Material: {fileID: 0}
  m_Color: {r: 0.99215686, g: 0.4509804, b: 0.44313726, a: 1}
  m_RaycastTarget: 1
  m_OnCullStateChanged:
    m_PersistentCalls:
      m_Calls: []
    m_TypeName: UnityEngine.UI.MaskableGraphic+CullStateChangedEvent, UnityEngine.UI,
      Version=1.0.0.0, Culture=neutral, PublicKeyToken=null
  m_Sprite: {fileID: 21300000, guid: 5edfdb1318310614985b8de7ab9b784c, type: 3}
  m_Type: 3
  m_PreserveAspect: 0
  m_FillCenter: 1
  m_FillMethod: 4
  m_FillAmount: 0.085
  m_FillClockwise: 1
  m_FillOrigin: 2
--- !u!222 &111045898
CanvasRenderer:
  m_ObjectHideFlags: 0
  m_PrefabParentObject: {fileID: 22296330, guid: f1de4bbb502ee8d409a782814fd8a0f3,
    type: 2}
  m_PrefabInternal: {fileID: 2069744234}
  m_GameObject: {fileID: 111045895}
--- !u!1 &151634411
GameObject:
  m_ObjectHideFlags: 0
  m_PrefabParentObject: {fileID: 196354, guid: f1de4bbb502ee8d409a782814fd8a0f3, type: 2}
  m_PrefabInternal: {fileID: 2069744234}
  serializedVersion: 5
  m_Component:
  - component: {fileID: 151634412}
  - component: {fileID: 151634414}
  - component: {fileID: 151634413}
  m_Layer: 5
  m_Name: Text
  m_TagString: Untagged
  m_Icon: {fileID: 0}
  m_NavMeshLayer: 0
  m_StaticEditorFlags: 0
  m_IsActive: 1
--- !u!224 &151634412
RectTransform:
  m_ObjectHideFlags: 0
  m_PrefabParentObject: {fileID: 22496354, guid: f1de4bbb502ee8d409a782814fd8a0f3,
    type: 2}
  m_PrefabInternal: {fileID: 2069744234}
  m_GameObject: {fileID: 151634411}
  m_LocalRotation: {x: 0, y: 0, z: 0, w: 1}
  m_LocalPosition: {x: 0, y: 0, z: 0}
  m_LocalScale: {x: 1, y: 1, z: 1}
  m_Children: []
  m_Father: {fileID: 818592440}
  m_RootOrder: 4
  m_LocalEulerAnglesHint: {x: 0, y: 0, z: 0}
  m_AnchorMin: {x: 0.5, y: 0.5}
  m_AnchorMax: {x: 0.5, y: 0.5}
  m_AnchoredPosition: {x: 0, y: -188.5}
  m_SizeDelta: {x: 198, y: 42}
  m_Pivot: {x: 0.5, y: 0.5}
--- !u!114 &151634413
MonoBehaviour:
  m_ObjectHideFlags: 0
  m_PrefabParentObject: {fileID: 11496364, guid: f1de4bbb502ee8d409a782814fd8a0f3,
    type: 2}
  m_PrefabInternal: {fileID: 2069744234}
  m_GameObject: {fileID: 151634411}
  m_Enabled: 1
  m_EditorHideFlags: 0
  m_Script: {fileID: 708705254, guid: f5f67c52d1564df4a8936ccd202a3bd8, type: 3}
  m_Name: 
  m_EditorClassIdentifier: 
  m_Material: {fileID: 0}
  m_Color: {r: 0.49264705, g: 0.49264705, b: 0.49264705, a: 1}
  m_RaycastTarget: 1
  m_OnCullStateChanged:
    m_PersistentCalls:
      m_Calls: []
    m_TypeName: UnityEngine.UI.MaskableGraphic+CullStateChangedEvent, UnityEngine.UI,
      Version=1.0.0.0, Culture=neutral, PublicKeyToken=null
  m_FontData:
    m_Font: {fileID: 12800000, guid: 218956a5c2a6e42d6a60afccf80b002b, type: 3}
    m_FontSize: 19
    m_FontStyle: 0
    m_BestFit: 0
    m_MinSize: 10
    m_MaxSize: 40
    m_Alignment: 4
    m_AlignByGeometry: 0
    m_RichText: 1
    m_HorizontalOverflow: 0
    m_VerticalOverflow: 0
    m_LineSpacing: 1
  m_Text: READY TO GO
--- !u!222 &151634414
CanvasRenderer:
  m_ObjectHideFlags: 0
  m_PrefabParentObject: {fileID: 22296354, guid: f1de4bbb502ee8d409a782814fd8a0f3,
    type: 2}
  m_PrefabInternal: {fileID: 2069744234}
  m_GameObject: {fileID: 151634411}
--- !u!1 &169879213
GameObject:
  m_ObjectHideFlags: 0
  m_PrefabParentObject: {fileID: 196308, guid: f1de4bbb502ee8d409a782814fd8a0f3, type: 2}
  m_PrefabInternal: {fileID: 2069744234}
  serializedVersion: 5
  m_Component:
  - component: {fileID: 169879214}
  - component: {fileID: 169879216}
  - component: {fileID: 169879215}
  m_Layer: 5
  m_Name: FillingObject
  m_TagString: Untagged
  m_Icon: {fileID: 0}
  m_NavMeshLayer: 0
  m_StaticEditorFlags: 0
  m_IsActive: 1
--- !u!224 &169879214
RectTransform:
  m_ObjectHideFlags: 0
  m_PrefabParentObject: {fileID: 22496308, guid: f1de4bbb502ee8d409a782814fd8a0f3,
    type: 2}
  m_PrefabInternal: {fileID: 2069744234}
  m_GameObject: {fileID: 169879213}
  m_LocalRotation: {x: 0, y: 0, z: 0, w: 1}
  m_LocalPosition: {x: 0, y: 0, z: 0}
  m_LocalScale: {x: 1, y: 1, z: 1}
  m_Children:
  - {fileID: 111045896}
  - {fileID: 826786297}
  - {fileID: 2147379601}
  m_Father: {fileID: 1510696711}
  m_RootOrder: 7
  m_LocalEulerAnglesHint: {x: 0, y: 0, z: 0}
  m_AnchorMin: {x: 0.5, y: 0.5}
  m_AnchorMax: {x: 0.5, y: 0.5}
  m_AnchoredPosition: {x: -156.5, y: -211}
  m_SizeDelta: {x: 212, y: 212}
  m_Pivot: {x: 0.5, y: 0.5}
--- !u!114 &169879215
MonoBehaviour:
  m_ObjectHideFlags: 0
  m_PrefabParentObject: {fileID: 11496308, guid: f1de4bbb502ee8d409a782814fd8a0f3,
    type: 2}
  m_PrefabInternal: {fileID: 2069744234}
  m_GameObject: {fileID: 169879213}
  m_Enabled: 1
  m_EditorHideFlags: 0
  m_Script: {fileID: -765806418, guid: f5f67c52d1564df4a8936ccd202a3bd8, type: 3}
  m_Name: 
  m_EditorClassIdentifier: 
  m_Material: {fileID: 0}
  m_Color: {r: 0.13854672, g: 0.14440073, b: 0.15294118, a: 1}
  m_RaycastTarget: 1
  m_OnCullStateChanged:
    m_PersistentCalls:
      m_Calls: []
    m_TypeName: UnityEngine.UI.MaskableGraphic+CullStateChangedEvent, UnityEngine.UI,
      Version=1.0.0.0, Culture=neutral, PublicKeyToken=null
  m_Sprite: {fileID: 21300000, guid: 0796c5d7e7e637d40a42ad4deab007c5, type: 3}
  m_Type: 3
  m_PreserveAspect: 0
  m_FillCenter: 1
  m_FillMethod: 4
  m_FillAmount: 1
  m_FillClockwise: 1
  m_FillOrigin: 2
--- !u!222 &169879216
CanvasRenderer:
  m_ObjectHideFlags: 0
  m_PrefabParentObject: {fileID: 22296308, guid: f1de4bbb502ee8d409a782814fd8a0f3,
    type: 2}
  m_PrefabInternal: {fileID: 2069744234}
  m_GameObject: {fileID: 169879213}
--- !u!1 &198238676
GameObject:
  m_ObjectHideFlags: 0
  m_PrefabParentObject: {fileID: 196328, guid: f1de4bbb502ee8d409a782814fd8a0f3, type: 2}
  m_PrefabInternal: {fileID: 2069744234}
  serializedVersion: 5
  m_Component:
  - component: {fileID: 198238677}
  - component: {fileID: 198238679}
  - component: {fileID: 198238678}
  m_Layer: 5
  m_Name: Text
  m_TagString: Untagged
  m_Icon: {fileID: 0}
  m_NavMeshLayer: 0
  m_StaticEditorFlags: 0
  m_IsActive: 1
--- !u!224 &198238677
RectTransform:
  m_ObjectHideFlags: 0
  m_PrefabParentObject: {fileID: 22496328, guid: f1de4bbb502ee8d409a782814fd8a0f3,
    type: 2}
  m_PrefabInternal: {fileID: 2069744234}
  m_GameObject: {fileID: 198238676}
  m_LocalRotation: {x: 0, y: 0, z: 0, w: 1}
  m_LocalPosition: {x: 0, y: 0, z: 0}
  m_LocalScale: {x: 1, y: 1, z: 1}
  m_Children: []
  m_Father: {fileID: 1940715633}
  m_RootOrder: 1
  m_LocalEulerAnglesHint: {x: 0, y: 0, z: 0}
  m_AnchorMin: {x: 0.5, y: 0.5}
  m_AnchorMax: {x: 0.5, y: 0.5}
  m_AnchoredPosition: {x: 0, y: -149}
  m_SizeDelta: {x: 211.06, y: 67}
  m_Pivot: {x: 0.5, y: 0.5}
--- !u!114 &198238678
MonoBehaviour:
  m_ObjectHideFlags: 0
  m_PrefabParentObject: {fileID: 11496332, guid: f1de4bbb502ee8d409a782814fd8a0f3,
    type: 2}
  m_PrefabInternal: {fileID: 2069744234}
  m_GameObject: {fileID: 198238676}
  m_Enabled: 1
  m_EditorHideFlags: 0
  m_Script: {fileID: 708705254, guid: f5f67c52d1564df4a8936ccd202a3bd8, type: 3}
  m_Name: 
  m_EditorClassIdentifier: 
  m_Material: {fileID: 0}
  m_Color: {r: 0.9044118, g: 0.9044118, b: 0.9044118, a: 1}
  m_RaycastTarget: 1
  m_OnCullStateChanged:
    m_PersistentCalls:
      m_Calls: []
    m_TypeName: UnityEngine.UI.MaskableGraphic+CullStateChangedEvent, UnityEngine.UI,
      Version=1.0.0.0, Culture=neutral, PublicKeyToken=null
  m_FontData:
    m_Font: {fileID: 12800000, guid: bd1ea67ca2b5742d1a24fcbdc17c55e1, type: 3}
    m_FontSize: 45
    m_FontStyle: 0
    m_BestFit: 0
    m_MinSize: 10
    m_MaxSize: 45
    m_Alignment: 4
    m_AlignByGeometry: 0
    m_RichText: 1
    m_HorizontalOverflow: 0
    m_VerticalOverflow: 0
    m_LineSpacing: 1
  m_Text: Music
--- !u!222 &198238679
CanvasRenderer:
  m_ObjectHideFlags: 0
  m_PrefabParentObject: {fileID: 22296328, guid: f1de4bbb502ee8d409a782814fd8a0f3,
    type: 2}
  m_PrefabInternal: {fileID: 2069744234}
  m_GameObject: {fileID: 198238676}
--- !u!1 &273866458
GameObject:
  m_ObjectHideFlags: 0
  m_PrefabParentObject: {fileID: 196350, guid: f1de4bbb502ee8d409a782814fd8a0f3, type: 2}
  m_PrefabInternal: {fileID: 2069744234}
  serializedVersion: 5
  m_Component:
  - component: {fileID: 273866459}
  - component: {fileID: 273866461}
  - component: {fileID: 273866460}
  m_Layer: 5
  m_Name: Image
  m_TagString: Untagged
  m_Icon: {fileID: 0}
  m_NavMeshLayer: 0
  m_StaticEditorFlags: 0
  m_IsActive: 1
--- !u!224 &273866459
RectTransform:
  m_ObjectHideFlags: 0
  m_PrefabParentObject: {fileID: 22496350, guid: f1de4bbb502ee8d409a782814fd8a0f3,
    type: 2}
  m_PrefabInternal: {fileID: 2069744234}
  m_GameObject: {fileID: 273866458}
  m_LocalRotation: {x: 0, y: 0, z: 0, w: 1}
  m_LocalPosition: {x: 0, y: 0, z: 0}
  m_LocalScale: {x: 1, y: 1, z: 1}
  m_Children: []
  m_Father: {fileID: 1510696711}
  m_RootOrder: 0
  m_LocalEulerAnglesHint: {x: 0, y: 0, z: 0}
  m_AnchorMin: {x: 0.5, y: 0.5}
  m_AnchorMax: {x: 0.5, y: 0.5}
  m_AnchoredPosition: {x: 0, y: 560}
  m_SizeDelta: {x: 640, y: 16}
  m_Pivot: {x: 0.5, y: 0.5}
--- !u!114 &273866460
MonoBehaviour:
  m_ObjectHideFlags: 0
  m_PrefabParentObject: {fileID: 11496358, guid: f1de4bbb502ee8d409a782814fd8a0f3,
    type: 2}
  m_PrefabInternal: {fileID: 2069744234}
  m_GameObject: {fileID: 273866458}
  m_Enabled: 1
  m_EditorHideFlags: 0
  m_Script: {fileID: -765806418, guid: f5f67c52d1564df4a8936ccd202a3bd8, type: 3}
  m_Name: 
  m_EditorClassIdentifier: 
  m_Material: {fileID: 0}
  m_Color: {r: 0.17165874, g: 0.9338235, b: 0.55536926, a: 1}
  m_RaycastTarget: 1
  m_OnCullStateChanged:
    m_PersistentCalls:
      m_Calls: []
    m_TypeName: UnityEngine.UI.MaskableGraphic+CullStateChangedEvent, UnityEngine.UI,
      Version=1.0.0.0, Culture=neutral, PublicKeyToken=null
  m_Sprite: {fileID: 0}
  m_Type: 0
  m_PreserveAspect: 0
  m_FillCenter: 1
  m_FillMethod: 4
  m_FillAmount: 1
  m_FillClockwise: 1
  m_FillOrigin: 0
--- !u!222 &273866461
CanvasRenderer:
  m_ObjectHideFlags: 0
  m_PrefabParentObject: {fileID: 22296350, guid: f1de4bbb502ee8d409a782814fd8a0f3,
    type: 2}
  m_PrefabInternal: {fileID: 2069744234}
  m_GameObject: {fileID: 273866458}
--- !u!1 &317024339
GameObject:
  m_ObjectHideFlags: 0
  m_PrefabParentObject: {fileID: 196320, guid: f1de4bbb502ee8d409a782814fd8a0f3, type: 2}
  m_PrefabInternal: {fileID: 2069744234}
  serializedVersion: 5
  m_Component:
  - component: {fileID: 317024340}
  - component: {fileID: 317024342}
  - component: {fileID: 317024341}
  m_Layer: 5
  m_Name: Image
  m_TagString: Untagged
  m_Icon: {fileID: 0}
  m_NavMeshLayer: 0
  m_StaticEditorFlags: 0
  m_IsActive: 1
--- !u!224 &317024340
RectTransform:
  m_ObjectHideFlags: 0
  m_PrefabParentObject: {fileID: 22496320, guid: f1de4bbb502ee8d409a782814fd8a0f3,
    type: 2}
  m_PrefabInternal: {fileID: 2069744234}
  m_GameObject: {fileID: 317024339}
  m_LocalRotation: {x: 0, y: 0, z: 0, w: 1}
  m_LocalPosition: {x: 0, y: 0, z: 0}
  m_LocalScale: {x: 1, y: 1, z: 1}
  m_Children: []
  m_Father: {fileID: 111045896}
  m_RootOrder: 0
  m_LocalEulerAnglesHint: {x: 0, y: 0, z: 0}
  m_AnchorMin: {x: 0.5, y: 0.5}
  m_AnchorMax: {x: 0.5, y: 0.5}
  m_AnchoredPosition: {x: 0, y: 0}
  m_SizeDelta: {x: 77, y: 61}
  m_Pivot: {x: 0.5, y: 0.5}
--- !u!114 &317024341
MonoBehaviour:
  m_ObjectHideFlags: 0
  m_PrefabParentObject: {fileID: 11496322, guid: f1de4bbb502ee8d409a782814fd8a0f3,
    type: 2}
  m_PrefabInternal: {fileID: 2069744234}
  m_GameObject: {fileID: 317024339}
  m_Enabled: 1
  m_EditorHideFlags: 0
  m_Script: {fileID: -765806418, guid: f5f67c52d1564df4a8936ccd202a3bd8, type: 3}
  m_Name: 
  m_EditorClassIdentifier: 
  m_Material: {fileID: 0}
  m_Color: {r: 0.99215686, g: 0.4509804, b: 0.44313726, a: 1}
  m_RaycastTarget: 1
  m_OnCullStateChanged:
    m_PersistentCalls:
      m_Calls: []
    m_TypeName: UnityEngine.UI.MaskableGraphic+CullStateChangedEvent, UnityEngine.UI,
      Version=1.0.0.0, Culture=neutral, PublicKeyToken=null
  m_Sprite: {fileID: 21300000, guid: d9b97df5447d313448a38c93b42ac7a9, type: 3}
  m_Type: 0
  m_PreserveAspect: 0
  m_FillCenter: 1
  m_FillMethod: 4
  m_FillAmount: 1
  m_FillClockwise: 1
  m_FillOrigin: 0
--- !u!222 &317024342
CanvasRenderer:
  m_ObjectHideFlags: 0
  m_PrefabParentObject: {fileID: 22296320, guid: f1de4bbb502ee8d409a782814fd8a0f3,
    type: 2}
  m_PrefabInternal: {fileID: 2069744234}
  m_GameObject: {fileID: 317024339}
--- !u!1 &343951749
GameObject:
  m_ObjectHideFlags: 0
  m_PrefabParentObject: {fileID: 196344, guid: f1de4bbb502ee8d409a782814fd8a0f3, type: 2}
  m_PrefabInternal: {fileID: 2069744234}
  serializedVersion: 5
  m_Component:
  - component: {fileID: 343951750}
  - component: {fileID: 343951752}
  - component: {fileID: 343951751}
  m_Layer: 5
  m_Name: Text
  m_TagString: Untagged
  m_Icon: {fileID: 0}
  m_NavMeshLayer: 0
  m_StaticEditorFlags: 0
  m_IsActive: 1
--- !u!224 &343951750
RectTransform:
  m_ObjectHideFlags: 0
  m_PrefabParentObject: {fileID: 22496344, guid: f1de4bbb502ee8d409a782814fd8a0f3,
    type: 2}
  m_PrefabInternal: {fileID: 2069744234}
  m_GameObject: {fileID: 343951749}
  m_LocalRotation: {x: 0, y: 0, z: 0, w: 1}
  m_LocalPosition: {x: 0, y: 0, z: 0}
  m_LocalScale: {x: 1, y: 1, z: 1}
  m_Children: []
  m_Father: {fileID: 818592440}
  m_RootOrder: 3
  m_LocalEulerAnglesHint: {x: 0, y: 0, z: 0}
  m_AnchorMin: {x: 0.5, y: 0.5}
  m_AnchorMax: {x: 0.5, y: 0.5}
  m_AnchoredPosition: {x: 0, y: -149}
  m_SizeDelta: {x: 211.06, y: 67}
  m_Pivot: {x: 0.5, y: 0.5}
--- !u!114 &343951751
MonoBehaviour:
  m_ObjectHideFlags: 0
  m_PrefabParentObject: {fileID: 11496352, guid: f1de4bbb502ee8d409a782814fd8a0f3,
    type: 2}
  m_PrefabInternal: {fileID: 2069744234}
  m_GameObject: {fileID: 343951749}
  m_Enabled: 1
  m_EditorHideFlags: 0
  m_Script: {fileID: 708705254, guid: f5f67c52d1564df4a8936ccd202a3bd8, type: 3}
  m_Name: 
  m_EditorClassIdentifier: 
  m_Material: {fileID: 0}
  m_Color: {r: 0.9044118, g: 0.9044118, b: 0.9044118, a: 1}
  m_RaycastTarget: 1
  m_OnCullStateChanged:
    m_PersistentCalls:
      m_Calls: []
    m_TypeName: UnityEngine.UI.MaskableGraphic+CullStateChangedEvent, UnityEngine.UI,
      Version=1.0.0.0, Culture=neutral, PublicKeyToken=null
  m_FontData:
    m_Font: {fileID: 12800000, guid: bd1ea67ca2b5742d1a24fcbdc17c55e1, type: 3}
    m_FontSize: 45
    m_FontStyle: 0
    m_BestFit: 0
    m_MinSize: 10
    m_MaxSize: 45
    m_Alignment: 4
    m_AlignByGeometry: 0
    m_RichText: 1
    m_HorizontalOverflow: 0
    m_VerticalOverflow: 0
    m_LineSpacing: 1
  m_Text: Activities
--- !u!222 &343951752
CanvasRenderer:
  m_ObjectHideFlags: 0
  m_PrefabParentObject: {fileID: 22296344, guid: f1de4bbb502ee8d409a782814fd8a0f3,
    type: 2}
  m_PrefabInternal: {fileID: 2069744234}
  m_GameObject: {fileID: 343951749}
--- !u!1 &623953453
GameObject:
  m_ObjectHideFlags: 0
  m_PrefabParentObject: {fileID: 196316, guid: f1de4bbb502ee8d409a782814fd8a0f3, type: 2}
  m_PrefabInternal: {fileID: 2069744234}
  serializedVersion: 5
  m_Component:
  - component: {fileID: 623953454}
  - component: {fileID: 623953456}
  - component: {fileID: 623953455}
  m_Layer: 5
  m_Name: FillingObject
  m_TagString: Untagged
  m_Icon: {fileID: 0}
  m_NavMeshLayer: 0
  m_StaticEditorFlags: 0
  m_IsActive: 1
--- !u!224 &623953454
RectTransform:
  m_ObjectHideFlags: 0
  m_PrefabParentObject: {fileID: 22496316, guid: f1de4bbb502ee8d409a782814fd8a0f3,
    type: 2}
  m_PrefabInternal: {fileID: 2069744234}
  m_GameObject: {fileID: 623953453}
  m_LocalRotation: {x: 0, y: 0, z: 0, w: 1}
  m_LocalPosition: {x: 0, y: 0, z: 0}
  m_LocalScale: {x: 1, y: 1, z: 1}
  m_Children:
  - {fileID: 1706391640}
  m_Father: {fileID: 1940715633}
  m_RootOrder: 0
  m_LocalEulerAnglesHint: {x: 0, y: 0, z: 0}
  m_AnchorMin: {x: 0.5, y: 0.5}
  m_AnchorMax: {x: 0.5, y: 0.5}
  m_AnchoredPosition: {x: 0, y: 0}
  m_SizeDelta: {x: 231, y: 231}
  m_Pivot: {x: 0.5, y: 0.5}
--- !u!114 &623953455
MonoBehaviour:
  m_ObjectHideFlags: 0
  m_PrefabParentObject: {fileID: 11496318, guid: f1de4bbb502ee8d409a782814fd8a0f3,
    type: 2}
  m_PrefabInternal: {fileID: 2069744234}
  m_GameObject: {fileID: 623953453}
  m_Enabled: 1
  m_EditorHideFlags: 0
  m_Script: {fileID: -765806418, guid: f5f67c52d1564df4a8936ccd202a3bd8, type: 3}
  m_Name: 
  m_EditorClassIdentifier: 
  m_Material: {fileID: 0}
  m_Color: {r: 0.99215686, g: 0.4509804, b: 0.44313726, a: 1}
  m_RaycastTarget: 1
  m_OnCullStateChanged:
    m_PersistentCalls:
      m_Calls: []
    m_TypeName: UnityEngine.UI.MaskableGraphic+CullStateChangedEvent, UnityEngine.UI,
      Version=1.0.0.0, Culture=neutral, PublicKeyToken=null
  m_Sprite: {fileID: 21300000, guid: 5edfdb1318310614985b8de7ab9b784c, type: 3}
  m_Type: 3
  m_PreserveAspect: 0
  m_FillCenter: 1
  m_FillMethod: 4
  m_FillAmount: 0.884
  m_FillClockwise: 1
  m_FillOrigin: 2
--- !u!222 &623953456
CanvasRenderer:
  m_ObjectHideFlags: 0
  m_PrefabParentObject: {fileID: 22296316, guid: f1de4bbb502ee8d409a782814fd8a0f3,
    type: 2}
  m_PrefabInternal: {fileID: 2069744234}
  m_GameObject: {fileID: 623953453}
--- !u!1 &632878146
GameObject:
  m_ObjectHideFlags: 0
  m_PrefabParentObject: {fileID: 196314, guid: f1de4bbb502ee8d409a782814fd8a0f3, type: 2}
  m_PrefabInternal: {fileID: 2069744234}
  serializedVersion: 5
  m_Component:
  - component: {fileID: 632878147}
  - component: {fileID: 632878149}
  - component: {fileID: 632878148}
  m_Layer: 5
  m_Name: AppTitle
  m_TagString: Untagged
  m_Icon: {fileID: 0}
  m_NavMeshLayer: 0
  m_StaticEditorFlags: 0
  m_IsActive: 1
--- !u!224 &632878147
RectTransform:
  m_ObjectHideFlags: 0
  m_PrefabParentObject: {fileID: 22496314, guid: f1de4bbb502ee8d409a782814fd8a0f3,
    type: 2}
  m_PrefabInternal: {fileID: 2069744234}
  m_GameObject: {fileID: 632878146}
  m_LocalRotation: {x: 0, y: 0, z: 0, w: 1}
  m_LocalPosition: {x: 0, y: 0, z: 0}
  m_LocalScale: {x: 1, y: 1, z: 1}
  m_Children: []
  m_Father: {fileID: 15429753}
  m_RootOrder: 0
  m_LocalEulerAnglesHint: {x: 0, y: 0, z: 0}
  m_AnchorMin: {x: 0.5, y: 0.5}
  m_AnchorMax: {x: 0.5, y: 0.5}
  m_AnchoredPosition: {x: 0, y: -86}
  m_SizeDelta: {x: 695, y: 67}
  m_Pivot: {x: 0.5, y: 0.5}
--- !u!114 &632878148
MonoBehaviour:
  m_ObjectHideFlags: 0
  m_PrefabParentObject: {fileID: 11496316, guid: f1de4bbb502ee8d409a782814fd8a0f3,
    type: 2}
  m_PrefabInternal: {fileID: 2069744234}
  m_GameObject: {fileID: 632878146}
  m_Enabled: 1
  m_EditorHideFlags: 0
  m_Script: {fileID: 708705254, guid: f5f67c52d1564df4a8936ccd202a3bd8, type: 3}
  m_Name: 
  m_EditorClassIdentifier: 
  m_Material: {fileID: 0}
  m_Color: {r: 0.85490197, g: 0.85490197, b: 0.85490197, a: 1}
  m_RaycastTarget: 1
  m_OnCullStateChanged:
    m_PersistentCalls:
      m_Calls: []
    m_TypeName: UnityEngine.UI.MaskableGraphic+CullStateChangedEvent, UnityEngine.UI,
      Version=1.0.0.0, Culture=neutral, PublicKeyToken=null
  m_FontData:
    m_Font: {fileID: 12800000, guid: 218956a5c2a6e42d6a60afccf80b002b, type: 3}
    m_FontSize: 40
    m_FontStyle: 0
    m_BestFit: 0
    m_MinSize: 10
    m_MaxSize: 40
    m_Alignment: 0
    m_AlignByGeometry: 0
    m_RichText: 1
    m_HorizontalOverflow: 0
    m_VerticalOverflow: 1
    m_LineSpacing: 1
  m_Text: APP SAMPLE
--- !u!222 &632878149
CanvasRenderer:
  m_ObjectHideFlags: 0
  m_PrefabParentObject: {fileID: 22296314, guid: f1de4bbb502ee8d409a782814fd8a0f3,
    type: 2}
  m_PrefabInternal: {fileID: 2069744234}
  m_GameObject: {fileID: 632878146}
--- !u!1 &638587793
GameObject:
  m_ObjectHideFlags: 0
  m_PrefabParentObject: {fileID: 196338, guid: f1de4bbb502ee8d409a782814fd8a0f3, type: 2}
  m_PrefabInternal: {fileID: 2069744234}
  serializedVersion: 5
  m_Component:
  - component: {fileID: 638587794}
  - component: {fileID: 638587796}
  - component: {fileID: 638587795}
  m_Layer: 5
  m_Name: FillingObject
  m_TagString: Untagged
  m_Icon: {fileID: 0}
  m_NavMeshLayer: 0
  m_StaticEditorFlags: 0
  m_IsActive: 1
--- !u!224 &638587794
RectTransform:
  m_ObjectHideFlags: 0
  m_PrefabParentObject: {fileID: 22496338, guid: f1de4bbb502ee8d409a782814fd8a0f3,
    type: 2}
  m_PrefabInternal: {fileID: 2069744234}
  m_GameObject: {fileID: 638587793}
  m_LocalRotation: {x: 0, y: 0, z: 0, w: 1}
  m_LocalPosition: {x: 0, y: 0, z: 0}
  m_LocalScale: {x: 1, y: 1, z: 1}
  m_Children: []
  m_Father: {fileID: 818592440}
  m_RootOrder: 0
  m_LocalEulerAnglesHint: {x: 0, y: 0, z: 0}
  m_AnchorMin: {x: 0.5, y: 0.5}
  m_AnchorMax: {x: 0.5, y: 0.5}
  m_AnchoredPosition: {x: 0, y: 0}
  m_SizeDelta: {x: 231, y: 231}
  m_Pivot: {x: 0.5, y: 0.5}
--- !u!114 &638587795
MonoBehaviour:
  m_ObjectHideFlags: 0
  m_PrefabParentObject: {fileID: 11496346, guid: f1de4bbb502ee8d409a782814fd8a0f3,
    type: 2}
  m_PrefabInternal: {fileID: 2069744234}
  m_GameObject: {fileID: 638587793}
  m_Enabled: 1
  m_EditorHideFlags: 0
  m_Script: {fileID: -765806418, guid: f5f67c52d1564df4a8936ccd202a3bd8, type: 3}
  m_Name: 
  m_EditorClassIdentifier: 
  m_Material: {fileID: 0}
  m_Color: {r: 0.99215686, g: 0.4509804, b: 0.44313726, a: 1}
  m_RaycastTarget: 1
  m_OnCullStateChanged:
    m_PersistentCalls:
      m_Calls: []
    m_TypeName: UnityEngine.UI.MaskableGraphic+CullStateChangedEvent, UnityEngine.UI,
      Version=1.0.0.0, Culture=neutral, PublicKeyToken=null
  m_Sprite: {fileID: 21300000, guid: 5edfdb1318310614985b8de7ab9b784c, type: 3}
  m_Type: 3
  m_PreserveAspect: 0
  m_FillCenter: 1
  m_FillMethod: 4
  m_FillAmount: 0.402
  m_FillClockwise: 1
  m_FillOrigin: 2
--- !u!222 &638587796
CanvasRenderer:
  m_ObjectHideFlags: 0
  m_PrefabParentObject: {fileID: 22296338, guid: f1de4bbb502ee8d409a782814fd8a0f3,
    type: 2}
  m_PrefabInternal: {fileID: 2069744234}
  m_GameObject: {fileID: 638587793}
--- !u!1 &738279147
GameObject:
  m_ObjectHideFlags: 0
  m_PrefabParentObject: {fileID: 196310, guid: f1de4bbb502ee8d409a782814fd8a0f3, type: 2}
  m_PrefabInternal: {fileID: 2069744234}
  serializedVersion: 5
  m_Component:
  - component: {fileID: 738279148}
  - component: {fileID: 738279151}
  - component: {fileID: 738279150}
  - component: {fileID: 738279149}
  m_Layer: 5
  m_Name: Button
  m_TagString: Untagged
  m_Icon: {fileID: 0}
  m_NavMeshLayer: 0
  m_StaticEditorFlags: 0
  m_IsActive: 1
--- !u!224 &738279148
RectTransform:
  m_ObjectHideFlags: 0
  m_PrefabParentObject: {fileID: 22496310, guid: f1de4bbb502ee8d409a782814fd8a0f3,
    type: 2}
  m_PrefabInternal: {fileID: 2069744234}
  m_GameObject: {fileID: 738279147}
  m_LocalRotation: {x: 0, y: 0, z: 0, w: 1}
  m_LocalPosition: {x: 0, y: 0, z: 0}
  m_LocalScale: {x: 1, y: 1, z: 1}
  m_Children: []
  m_Father: {fileID: 1510696711}
  m_RootOrder: 1
  m_LocalEulerAnglesHint: {x: 0, y: 0, z: 0}
  m_AnchorMin: {x: 0.5, y: 0.5}
  m_AnchorMax: {x: 0.5, y: 0.5}
  m_AnchoredPosition: {x: -239, y: 496}
  m_SizeDelta: {x: 47, y: 12}
  m_Pivot: {x: 0.5, y: 0.5}
--- !u!114 &738279149
MonoBehaviour:
  m_ObjectHideFlags: 0
  m_PrefabParentObject: {fileID: 11496310, guid: f1de4bbb502ee8d409a782814fd8a0f3,
    type: 2}
  m_PrefabInternal: {fileID: 2069744234}
  m_GameObject: {fileID: 738279147}
  m_Enabled: 1
  m_EditorHideFlags: 0
  m_Script: {fileID: 1392445389, guid: f5f67c52d1564df4a8936ccd202a3bd8, type: 3}
  m_Name: 
  m_EditorClassIdentifier: 
  m_Navigation:
    m_Mode: 3
    m_SelectOnUp: {fileID: 0}
    m_SelectOnDown: {fileID: 0}
    m_SelectOnLeft: {fileID: 0}
    m_SelectOnRight: {fileID: 0}
  m_Transition: 1
  m_Colors:
    m_NormalColor: {r: 1, g: 1, b: 1, a: 1}
    m_HighlightedColor: {r: 0.9607843, g: 0.9607843, b: 0.9607843, a: 1}
    m_PressedColor: {r: 0.78431374, g: 0.78431374, b: 0.78431374, a: 1}
    m_DisabledColor: {r: 0.78431374, g: 0.78431374, b: 0.78431374, a: 0.5019608}
    m_ColorMultiplier: 1
    m_FadeDuration: 0.1
  m_SpriteState:
    m_HighlightedSprite: {fileID: 0}
    m_PressedSprite: {fileID: 0}
    m_DisabledSprite: {fileID: 0}
  m_AnimationTriggers:
    m_NormalTrigger: Normal
    m_HighlightedTrigger: Highlighted
    m_PressedTrigger: Pressed
    m_DisabledTrigger: Disabled
  m_Interactable: 1
  m_TargetGraphic: {fileID: 738279150}
  m_OnClick:
    m_PersistentCalls:
      m_Calls: []
    m_TypeName: UnityEngine.UI.Button+ButtonClickedEvent, UnityEngine.UI, Version=1.0.0.0,
      Culture=neutral, PublicKeyToken=null
--- !u!114 &738279150
MonoBehaviour:
  m_ObjectHideFlags: 0
  m_PrefabParentObject: {fileID: 11496312, guid: f1de4bbb502ee8d409a782814fd8a0f3,
    type: 2}
  m_PrefabInternal: {fileID: 2069744234}
  m_GameObject: {fileID: 738279147}
  m_Enabled: 1
  m_EditorHideFlags: 0
  m_Script: {fileID: -765806418, guid: f5f67c52d1564df4a8936ccd202a3bd8, type: 3}
  m_Name: 
  m_EditorClassIdentifier: 
  m_Material: {fileID: 0}
  m_Color: {r: 1, g: 1, b: 1, a: 1}
  m_RaycastTarget: 1
  m_OnCullStateChanged:
    m_PersistentCalls:
      m_Calls: []
    m_TypeName: UnityEngine.UI.MaskableGraphic+CullStateChangedEvent, UnityEngine.UI,
      Version=1.0.0.0, Culture=neutral, PublicKeyToken=null
  m_Sprite: {fileID: 21300000, guid: ef53d79e0a1e246a29ec0e89585f6989, type: 3}
  m_Type: 0
  m_PreserveAspect: 0
  m_FillCenter: 1
  m_FillMethod: 4
  m_FillAmount: 1
  m_FillClockwise: 1
  m_FillOrigin: 0
--- !u!222 &738279151
CanvasRenderer:
  m_ObjectHideFlags: 0
  m_PrefabParentObject: {fileID: 22296310, guid: f1de4bbb502ee8d409a782814fd8a0f3,
    type: 2}
  m_PrefabInternal: {fileID: 2069744234}
  m_GameObject: {fileID: 738279147}
--- !u!1 &766139601
GameObject:
  m_ObjectHideFlags: 0
  m_PrefabParentObject: {fileID: 196352, guid: f1de4bbb502ee8d409a782814fd8a0f3, type: 2}
  m_PrefabInternal: {fileID: 2069744234}
  serializedVersion: 5
  m_Component:
  - component: {fileID: 766139602}
  - component: {fileID: 766139605}
  - component: {fileID: 766139604}
  - component: {fileID: 766139603}
  m_Layer: 5
  m_Name: Button
  m_TagString: Untagged
  m_Icon: {fileID: 0}
  m_NavMeshLayer: 0
  m_StaticEditorFlags: 0
  m_IsActive: 1
--- !u!224 &766139602
RectTransform:
  m_ObjectHideFlags: 0
  m_PrefabParentObject: {fileID: 22496352, guid: f1de4bbb502ee8d409a782814fd8a0f3,
    type: 2}
  m_PrefabInternal: {fileID: 2069744234}
  m_GameObject: {fileID: 766139601}
  m_LocalRotation: {x: 0, y: 0, z: 0, w: 1}
  m_LocalPosition: {x: 0, y: 0, z: 0}
  m_LocalScale: {x: 1, y: 1, z: 1}
  m_Children: []
  m_Father: {fileID: 1510696711}
  m_RootOrder: 2
  m_LocalEulerAnglesHint: {x: 0, y: 0, z: 0}
  m_AnchorMin: {x: 0.5, y: 0.5}
  m_AnchorMax: {x: 0.5, y: 0.5}
  m_AnchoredPosition: {x: 249, y: 496}
  m_SizeDelta: {x: 47, y: 47}
  m_Pivot: {x: 0.5, y: 0.5}
--- !u!114 &766139603
MonoBehaviour:
  m_ObjectHideFlags: 0
  m_PrefabParentObject: {fileID: 11496360, guid: f1de4bbb502ee8d409a782814fd8a0f3,
    type: 2}
  m_PrefabInternal: {fileID: 2069744234}
  m_GameObject: {fileID: 766139601}
  m_Enabled: 1
  m_EditorHideFlags: 0
  m_Script: {fileID: 1392445389, guid: f5f67c52d1564df4a8936ccd202a3bd8, type: 3}
  m_Name: 
  m_EditorClassIdentifier: 
  m_Navigation:
    m_Mode: 3
    m_SelectOnUp: {fileID: 0}
    m_SelectOnDown: {fileID: 0}
    m_SelectOnLeft: {fileID: 0}
    m_SelectOnRight: {fileID: 0}
  m_Transition: 1
  m_Colors:
    m_NormalColor: {r: 1, g: 1, b: 1, a: 1}
    m_HighlightedColor: {r: 0.9607843, g: 0.9607843, b: 0.9607843, a: 1}
    m_PressedColor: {r: 0.78431374, g: 0.78431374, b: 0.78431374, a: 1}
    m_DisabledColor: {r: 0.78431374, g: 0.78431374, b: 0.78431374, a: 0.5019608}
    m_ColorMultiplier: 1
    m_FadeDuration: 0.1
  m_SpriteState:
    m_HighlightedSprite: {fileID: 0}
    m_PressedSprite: {fileID: 0}
    m_DisabledSprite: {fileID: 0}
  m_AnimationTriggers:
    m_NormalTrigger: Normal
    m_HighlightedTrigger: Highlighted
    m_PressedTrigger: Pressed
    m_DisabledTrigger: Disabled
  m_Interactable: 1
  m_TargetGraphic: {fileID: 766139604}
  m_OnClick:
    m_PersistentCalls:
      m_Calls: []
    m_TypeName: UnityEngine.UI.Button+ButtonClickedEvent, UnityEngine.UI, Version=1.0.0.0,
      Culture=neutral, PublicKeyToken=null
--- !u!114 &766139604
MonoBehaviour:
  m_ObjectHideFlags: 0
  m_PrefabParentObject: {fileID: 11496362, guid: f1de4bbb502ee8d409a782814fd8a0f3,
    type: 2}
  m_PrefabInternal: {fileID: 2069744234}
  m_GameObject: {fileID: 766139601}
  m_Enabled: 1
  m_EditorHideFlags: 0
  m_Script: {fileID: -765806418, guid: f5f67c52d1564df4a8936ccd202a3bd8, type: 3}
  m_Name: 
  m_EditorClassIdentifier: 
  m_Material: {fileID: 0}
  m_Color: {r: 1, g: 1, b: 1, a: 1}
  m_RaycastTarget: 1
  m_OnCullStateChanged:
    m_PersistentCalls:
      m_Calls: []
    m_TypeName: UnityEngine.UI.MaskableGraphic+CullStateChangedEvent, UnityEngine.UI,
      Version=1.0.0.0, Culture=neutral, PublicKeyToken=null
  m_Sprite: {fileID: 21300000, guid: c4149d18ffdde4429a4479092d29e85c, type: 3}
  m_Type: 0
  m_PreserveAspect: 0
  m_FillCenter: 1
  m_FillMethod: 4
  m_FillAmount: 1
  m_FillClockwise: 1
  m_FillOrigin: 0
--- !u!222 &766139605
CanvasRenderer:
  m_ObjectHideFlags: 0
  m_PrefabParentObject: {fileID: 22296352, guid: f1de4bbb502ee8d409a782814fd8a0f3,
    type: 2}
  m_PrefabInternal: {fileID: 2069744234}
  m_GameObject: {fileID: 766139601}
--- !u!1 &818592439
GameObject:
  m_ObjectHideFlags: 0
  m_PrefabParentObject: {fileID: 196340, guid: f1de4bbb502ee8d409a782814fd8a0f3, type: 2}
  m_PrefabInternal: {fileID: 2069744234}
  serializedVersion: 5
  m_Component:
  - component: {fileID: 818592440}
  - component: {fileID: 818592442}
  - component: {fileID: 818592441}
  m_Layer: 5
  m_Name: FillingObject
  m_TagString: Untagged
  m_Icon: {fileID: 0}
  m_NavMeshLayer: 0
  m_StaticEditorFlags: 0
  m_IsActive: 1
--- !u!224 &818592440
RectTransform:
  m_ObjectHideFlags: 0
  m_PrefabParentObject: {fileID: 22496340, guid: f1de4bbb502ee8d409a782814fd8a0f3,
    type: 2}
  m_PrefabInternal: {fileID: 2069744234}
  m_GameObject: {fileID: 818592439}
  m_LocalRotation: {x: 0, y: 0, z: 0, w: 1}
  m_LocalPosition: {x: 0, y: 0, z: 0}
  m_LocalScale: {x: 1, y: 1, z: 1}
  m_Children:
  - {fileID: 638587794}
  - {fileID: 1641124058}
  - {fileID: 1886939189}
  - {fileID: 343951750}
  - {fileID: 151634412}
  m_Father: {fileID: 1510696711}
  m_RootOrder: 5
  m_LocalEulerAnglesHint: {x: 0, y: 0, z: 0}
  m_AnchorMin: {x: 0.5, y: 0.5}
  m_AnchorMax: {x: 0.5, y: 0.5}
  m_AnchoredPosition: {x: -143.5, y: 140}
  m_SizeDelta: {x: 212, y: 212}
  m_Pivot: {x: 0.5, y: 0.5}
--- !u!114 &818592441
MonoBehaviour:
  m_ObjectHideFlags: 0
  m_PrefabParentObject: {fileID: 11496348, guid: f1de4bbb502ee8d409a782814fd8a0f3,
    type: 2}
  m_PrefabInternal: {fileID: 2069744234}
  m_GameObject: {fileID: 818592439}
  m_Enabled: 1
  m_EditorHideFlags: 0
  m_Script: {fileID: -765806418, guid: f5f67c52d1564df4a8936ccd202a3bd8, type: 3}
  m_Name: 
  m_EditorClassIdentifier: 
  m_Material: {fileID: 0}
  m_Color: {r: 0.13854672, g: 0.14440073, b: 0.15294118, a: 1}
  m_RaycastTarget: 1
  m_OnCullStateChanged:
    m_PersistentCalls:
      m_Calls: []
    m_TypeName: UnityEngine.UI.MaskableGraphic+CullStateChangedEvent, UnityEngine.UI,
      Version=1.0.0.0, Culture=neutral, PublicKeyToken=null
  m_Sprite: {fileID: 21300000, guid: 0796c5d7e7e637d40a42ad4deab007c5, type: 3}
  m_Type: 3
  m_PreserveAspect: 0
  m_FillCenter: 1
  m_FillMethod: 4
  m_FillAmount: 1
  m_FillClockwise: 1
  m_FillOrigin: 2
--- !u!222 &818592442
CanvasRenderer:
  m_ObjectHideFlags: 0
  m_PrefabParentObject: {fileID: 22296340, guid: f1de4bbb502ee8d409a782814fd8a0f3,
    type: 2}
  m_PrefabInternal: {fileID: 2069744234}
  m_GameObject: {fileID: 818592439}
--- !u!1 &826786296
GameObject:
  m_ObjectHideFlags: 0
  m_PrefabParentObject: {fileID: 196358, guid: f1de4bbb502ee8d409a782814fd8a0f3, type: 2}
  m_PrefabInternal: {fileID: 2069744234}
  serializedVersion: 5
  m_Component:
  - component: {fileID: 826786297}
  - component: {fileID: 826786299}
  - component: {fileID: 826786298}
  m_Layer: 5
  m_Name: Text
  m_TagString: Untagged
  m_Icon: {fileID: 0}
  m_NavMeshLayer: 0
  m_StaticEditorFlags: 0
  m_IsActive: 1
--- !u!224 &826786297
RectTransform:
  m_ObjectHideFlags: 0
  m_PrefabParentObject: {fileID: 22496358, guid: f1de4bbb502ee8d409a782814fd8a0f3,
    type: 2}
  m_PrefabInternal: {fileID: 2069744234}
  m_GameObject: {fileID: 826786296}
  m_LocalRotation: {x: 0, y: 0, z: 0, w: 1}
  m_LocalPosition: {x: 0, y: 0, z: 0}
  m_LocalScale: {x: 1, y: 1, z: 1}
  m_Children: []
  m_Father: {fileID: 169879214}
  m_RootOrder: 1
  m_LocalEulerAnglesHint: {x: 0, y: 0, z: 0}
  m_AnchorMin: {x: 0.5, y: 0.5}
  m_AnchorMax: {x: 0.5, y: 0.5}
  m_AnchoredPosition: {x: 0, y: -149}
  m_SizeDelta: {x: 211.06, y: 67}
  m_Pivot: {x: 0.5, y: 0.5}
--- !u!114 &826786298
MonoBehaviour:
  m_ObjectHideFlags: 0
  m_PrefabParentObject: {fileID: 11496368, guid: f1de4bbb502ee8d409a782814fd8a0f3,
    type: 2}
  m_PrefabInternal: {fileID: 2069744234}
  m_GameObject: {fileID: 826786296}
  m_Enabled: 1
  m_EditorHideFlags: 0
  m_Script: {fileID: 708705254, guid: f5f67c52d1564df4a8936ccd202a3bd8, type: 3}
  m_Name: 
  m_EditorClassIdentifier: 
  m_Material: {fileID: 0}
  m_Color: {r: 0.9044118, g: 0.9044118, b: 0.9044118, a: 1}
  m_RaycastTarget: 1
  m_OnCullStateChanged:
    m_PersistentCalls:
      m_Calls: []
    m_TypeName: UnityEngine.UI.MaskableGraphic+CullStateChangedEvent, UnityEngine.UI,
      Version=1.0.0.0, Culture=neutral, PublicKeyToken=null
  m_FontData:
    m_Font: {fileID: 12800000, guid: bd1ea67ca2b5742d1a24fcbdc17c55e1, type: 3}
    m_FontSize: 45
    m_FontStyle: 0
    m_BestFit: 0
    m_MinSize: 10
    m_MaxSize: 45
    m_Alignment: 4
    m_AlignByGeometry: 0
    m_RichText: 1
    m_HorizontalOverflow: 0
    m_VerticalOverflow: 0
    m_LineSpacing: 1
  m_Text: Pictures
--- !u!222 &826786299
CanvasRenderer:
  m_ObjectHideFlags: 0
  m_PrefabParentObject: {fileID: 22296358, guid: f1de4bbb502ee8d409a782814fd8a0f3,
    type: 2}
  m_PrefabInternal: {fileID: 2069744234}
  m_GameObject: {fileID: 826786296}
--- !u!1 &1014577439
GameObject:
  m_ObjectHideFlags: 0
  m_PrefabParentObject: {fileID: 196306, guid: f1de4bbb502ee8d409a782814fd8a0f3, type: 2}
  m_PrefabInternal: {fileID: 2069744234}
  serializedVersion: 5
  m_Component:
  - component: {fileID: 1014577440}
  - component: {fileID: 1014577442}
  - component: {fileID: 1014577441}
  m_Layer: 5
  m_Name: Text
  m_TagString: Untagged
  m_Icon: {fileID: 0}
  m_NavMeshLayer: 0
  m_StaticEditorFlags: 0
  m_IsActive: 1
--- !u!224 &1014577440
RectTransform:
  m_ObjectHideFlags: 0
  m_PrefabParentObject: {fileID: 22496306, guid: f1de4bbb502ee8d409a782814fd8a0f3,
    type: 2}
  m_PrefabInternal: {fileID: 2069744234}
  m_GameObject: {fileID: 1014577439}
  m_LocalRotation: {x: 0, y: 0, z: 0, w: 1}
  m_LocalPosition: {x: 0, y: 0, z: 0}
  m_LocalScale: {x: 1, y: 1, z: 1}
  m_Children: []
  m_Father: {fileID: 2085469885}
  m_RootOrder: 2
  m_LocalEulerAnglesHint: {x: 0, y: 0, z: 0}
  m_AnchorMin: {x: 0.5, y: 0.5}
  m_AnchorMax: {x: 0.5, y: 0.5}
  m_AnchoredPosition: {x: 0, y: -149}
  m_SizeDelta: {x: 211.06, y: 67}
  m_Pivot: {x: 0.5, y: 0.5}
--- !u!114 &1014577441
MonoBehaviour:
  m_ObjectHideFlags: 0
  m_PrefabParentObject: {fileID: 11496306, guid: f1de4bbb502ee8d409a782814fd8a0f3,
    type: 2}
  m_PrefabInternal: {fileID: 2069744234}
  m_GameObject: {fileID: 1014577439}
  m_Enabled: 1
  m_EditorHideFlags: 0
  m_Script: {fileID: 708705254, guid: f5f67c52d1564df4a8936ccd202a3bd8, type: 3}
  m_Name: 
  m_EditorClassIdentifier: 
  m_Material: {fileID: 0}
  m_Color: {r: 0.9044118, g: 0.9044118, b: 0.9044118, a: 1}
  m_RaycastTarget: 1
  m_OnCullStateChanged:
    m_PersistentCalls:
      m_Calls: []
    m_TypeName: UnityEngine.UI.MaskableGraphic+CullStateChangedEvent, UnityEngine.UI,
      Version=1.0.0.0, Culture=neutral, PublicKeyToken=null
  m_FontData:
    m_Font: {fileID: 12800000, guid: bd1ea67ca2b5742d1a24fcbdc17c55e1, type: 3}
    m_FontSize: 45
    m_FontStyle: 0
    m_BestFit: 0
    m_MinSize: 10
    m_MaxSize: 45
    m_Alignment: 4
    m_AlignByGeometry: 0
    m_RichText: 1
    m_HorizontalOverflow: 0
    m_VerticalOverflow: 0
    m_LineSpacing: 1
  m_Text: Calories
--- !u!222 &1014577442
CanvasRenderer:
  m_ObjectHideFlags: 0
  m_PrefabParentObject: {fileID: 22296306, guid: f1de4bbb502ee8d409a782814fd8a0f3,
    type: 2}
  m_PrefabInternal: {fileID: 2069744234}
  m_GameObject: {fileID: 1014577439}
--- !u!1 &1113902878
GameObject:
  m_ObjectHideFlags: 0
  m_PrefabParentObject: {fileID: 196334, guid: f1de4bbb502ee8d409a782814fd8a0f3, type: 2}
  m_PrefabInternal: {fileID: 2069744234}
  serializedVersion: 5
  m_Component:
  - component: {fileID: 1113902879}
  - component: {fileID: 1113902881}
  - component: {fileID: 1113902880}
  m_Layer: 5
  m_Name: FillingObject
  m_TagString: Untagged
  m_Icon: {fileID: 0}
  m_NavMeshLayer: 0
  m_StaticEditorFlags: 0
  m_IsActive: 1
--- !u!224 &1113902879
RectTransform:
  m_ObjectHideFlags: 0
  m_PrefabParentObject: {fileID: 22496334, guid: f1de4bbb502ee8d409a782814fd8a0f3,
    type: 2}
  m_PrefabInternal: {fileID: 2069744234}
  m_GameObject: {fileID: 1113902878}
  m_LocalRotation: {x: 0, y: 0, z: 0, w: 1}
  m_LocalPosition: {x: 0, y: 0, z: 0}
  m_LocalScale: {x: 1, y: 1, z: 1}
  m_Children: []
  m_Father: {fileID: 2085469885}
  m_RootOrder: 0
  m_LocalEulerAnglesHint: {x: 0, y: 0, z: 0}
  m_AnchorMin: {x: 0.5, y: 0.5}
  m_AnchorMax: {x: 0.5, y: 0.5}
  m_AnchoredPosition: {x: 0, y: 0}
  m_SizeDelta: {x: 231, y: 231}
  m_Pivot: {x: 0.5, y: 0.5}
--- !u!114 &1113902880
MonoBehaviour:
  m_ObjectHideFlags: 0
  m_PrefabParentObject: {fileID: 11496340, guid: f1de4bbb502ee8d409a782814fd8a0f3,
    type: 2}
  m_PrefabInternal: {fileID: 2069744234}
  m_GameObject: {fileID: 1113902878}
  m_Enabled: 1
  m_EditorHideFlags: 0
  m_Script: {fileID: -765806418, guid: f5f67c52d1564df4a8936ccd202a3bd8, type: 3}
  m_Name: 
  m_EditorClassIdentifier: 
  m_Material: {fileID: 0}
  m_Color: {r: 0.99215686, g: 0.4509804, b: 0.44313726, a: 1}
  m_RaycastTarget: 1
  m_OnCullStateChanged:
    m_PersistentCalls:
      m_Calls: []
    m_TypeName: UnityEngine.UI.MaskableGraphic+CullStateChangedEvent, UnityEngine.UI,
      Version=1.0.0.0, Culture=neutral, PublicKeyToken=null
  m_Sprite: {fileID: 21300000, guid: 5edfdb1318310614985b8de7ab9b784c, type: 3}
  m_Type: 3
  m_PreserveAspect: 0
  m_FillCenter: 1
  m_FillMethod: 4
  m_FillAmount: 0.814
  m_FillClockwise: 1
  m_FillOrigin: 2
--- !u!222 &1113902881
CanvasRenderer:
  m_ObjectHideFlags: 0
  m_PrefabParentObject: {fileID: 22296334, guid: f1de4bbb502ee8d409a782814fd8a0f3,
    type: 2}
  m_PrefabInternal: {fileID: 2069744234}
  m_GameObject: {fileID: 1113902878}
--- !u!1 &1221613694
GameObject:
  m_ObjectHideFlags: 0
  m_PrefabParentObject: {fileID: 196356, guid: f1de4bbb502ee8d409a782814fd8a0f3, type: 2}
  m_PrefabInternal: {fileID: 2069744234}
  serializedVersion: 5
  m_Component:
  - component: {fileID: 1221613695}
  - component: {fileID: 1221613697}
  - component: {fileID: 1221613696}
  m_Layer: 5
  m_Name: Text
  m_TagString: Untagged
  m_Icon: {fileID: 0}
  m_NavMeshLayer: 0
  m_StaticEditorFlags: 0
  m_IsActive: 1
--- !u!224 &1221613695
RectTransform:
  m_ObjectHideFlags: 0
  m_PrefabParentObject: {fileID: 22496356, guid: f1de4bbb502ee8d409a782814fd8a0f3,
    type: 2}
  m_PrefabInternal: {fileID: 2069744234}
  m_GameObject: {fileID: 1221613694}
  m_LocalRotation: {x: 0, y: 0, z: 0, w: 1}
  m_LocalPosition: {x: 0, y: 0, z: 0}
  m_LocalScale: {x: 1, y: 1, z: 1}
  m_Children: []
  m_Father: {fileID: 1510696711}
  m_RootOrder: 3
  m_LocalEulerAnglesHint: {x: 0, y: 0, z: 0}
  m_AnchorMin: {x: 0.5, y: 0.5}
  m_AnchorMax: {x: 0.5, y: 0.5}
  m_AnchoredPosition: {x: 0, y: 496}
  m_SizeDelta: {x: 160, y: 64}
  m_Pivot: {x: 0.5, y: 0.5}
--- !u!114 &1221613696
MonoBehaviour:
  m_ObjectHideFlags: 0
  m_PrefabParentObject: {fileID: 11496366, guid: f1de4bbb502ee8d409a782814fd8a0f3,
    type: 2}
  m_PrefabInternal: {fileID: 2069744234}
  m_GameObject: {fileID: 1221613694}
  m_Enabled: 1
  m_EditorHideFlags: 0
  m_Script: {fileID: 708705254, guid: f5f67c52d1564df4a8936ccd202a3bd8, type: 3}
  m_Name: 
  m_EditorClassIdentifier: 
  m_Material: {fileID: 0}
  m_Color: {r: 1, g: 1, b: 1, a: 1}
  m_RaycastTarget: 1
  m_OnCullStateChanged:
    m_PersistentCalls:
      m_Calls: []
    m_TypeName: UnityEngine.UI.MaskableGraphic+CullStateChangedEvent, UnityEngine.UI,
      Version=1.0.0.0, Culture=neutral, PublicKeyToken=null
  m_FontData:
    m_Font: {fileID: 12800000, guid: 7dfc2e1472ac84e1bb749a8a9f934483, type: 3}
    m_FontSize: 34
    m_FontStyle: 0
    m_BestFit: 0
    m_MinSize: 10
    m_MaxSize: 40
    m_Alignment: 4
    m_AlignByGeometry: 0
    m_RichText: 1
    m_HorizontalOverflow: 0
    m_VerticalOverflow: 0
    m_LineSpacing: 1
  m_Text: beffio
--- !u!222 &1221613697
CanvasRenderer:
  m_ObjectHideFlags: 0
  m_PrefabParentObject: {fileID: 22296356, guid: f1de4bbb502ee8d409a782814fd8a0f3,
    type: 2}
  m_PrefabInternal: {fileID: 2069744234}
  m_GameObject: {fileID: 1221613694}
--- !u!1 &1241161154
GameObject:
  m_ObjectHideFlags: 0
  m_PrefabParentObject: {fileID: 196318, guid: f1de4bbb502ee8d409a782814fd8a0f3, type: 2}
  m_PrefabInternal: {fileID: 2069744234}
  serializedVersion: 5
  m_Component:
  - component: {fileID: 1241161155}
  - component: {fileID: 1241161157}
  - component: {fileID: 1241161156}
  m_Layer: 5
  m_Name: Text
  m_TagString: Untagged
  m_Icon: {fileID: 0}
  m_NavMeshLayer: 0
  m_StaticEditorFlags: 0
  m_IsActive: 1
--- !u!224 &1241161155
RectTransform:
  m_ObjectHideFlags: 0
  m_PrefabParentObject: {fileID: 22496318, guid: f1de4bbb502ee8d409a782814fd8a0f3,
    type: 2}
  m_PrefabInternal: {fileID: 2069744234}
  m_GameObject: {fileID: 1241161154}
  m_LocalRotation: {x: 0, y: 0, z: 0, w: 1}
  m_LocalPosition: {x: 0, y: 0, z: 0}
  m_LocalScale: {x: 1, y: 1, z: 1}
  m_Children: []
  m_Father: {fileID: 2085469885}
  m_RootOrder: 1
  m_LocalEulerAnglesHint: {x: 0, y: 0, z: 0}
  m_AnchorMin: {x: 0.5, y: 0.5}
  m_AnchorMax: {x: 0.5, y: 0.5}
  m_AnchoredPosition: {x: 0, y: 0.0000038146973}
  m_SizeDelta: {x: 155.4, y: 122.1}
  m_Pivot: {x: 0.5, y: 0.5}
--- !u!114 &1241161156
MonoBehaviour:
  m_ObjectHideFlags: 0
  m_PrefabParentObject: {fileID: 11496320, guid: f1de4bbb502ee8d409a782814fd8a0f3,
    type: 2}
  m_PrefabInternal: {fileID: 2069744234}
  m_GameObject: {fileID: 1241161154}
  m_Enabled: 1
  m_EditorHideFlags: 0
  m_Script: {fileID: 708705254, guid: f5f67c52d1564df4a8936ccd202a3bd8, type: 3}
  m_Name: 
  m_EditorClassIdentifier: 
  m_Material: {fileID: 0}
  m_Color: {r: 0.99215686, g: 0.4509804, b: 0.44313726, a: 1}
  m_RaycastTarget: 1
  m_OnCullStateChanged:
    m_PersistentCalls:
      m_Calls: []
    m_TypeName: UnityEngine.UI.MaskableGraphic+CullStateChangedEvent, UnityEngine.UI,
      Version=1.0.0.0, Culture=neutral, PublicKeyToken=null
  m_FontData:
    m_Font: {fileID: 12800000, guid: bd1ea67ca2b5742d1a24fcbdc17c55e1, type: 3}
    m_FontSize: 71
    m_FontStyle: 0
    m_BestFit: 0
    m_MinSize: 10
    m_MaxSize: 71
    m_Alignment: 4
    m_AlignByGeometry: 0
    m_RichText: 1
    m_HorizontalOverflow: 0
    m_VerticalOverflow: 0
    m_LineSpacing: 1
  m_Text: 800
--- !u!222 &1241161157
CanvasRenderer:
  m_ObjectHideFlags: 0
  m_PrefabParentObject: {fileID: 22296318, guid: f1de4bbb502ee8d409a782814fd8a0f3,
    type: 2}
  m_PrefabInternal: {fileID: 2069744234}
  m_GameObject: {fileID: 1241161154}
--- !u!1 &1500371475
GameObject:
  m_ObjectHideFlags: 0
  m_PrefabParentObject: {fileID: 0}
  m_PrefabInternal: {fileID: 0}
  serializedVersion: 5
  m_Component:
  - component: {fileID: 1500371479}
  - component: {fileID: 1500371478}
  - component: {fileID: 1500371477}
  - component: {fileID: 1500371476}
  m_Layer: 0
  m_Name: EventSystem
  m_TagString: Untagged
  m_Icon: {fileID: 0}
  m_NavMeshLayer: 0
  m_StaticEditorFlags: 0
  m_IsActive: 1
--- !u!114 &1500371476
MonoBehaviour:
  m_ObjectHideFlags: 0
  m_PrefabParentObject: {fileID: 0}
  m_PrefabInternal: {fileID: 0}
  m_GameObject: {fileID: 1500371475}
  m_Enabled: 1
  m_EditorHideFlags: 0
  m_Script: {fileID: 1997211142, guid: f5f67c52d1564df4a8936ccd202a3bd8, type: 3}
  m_Name: 
  m_EditorClassIdentifier: 
  m_ForceModuleActive: 0
--- !u!114 &1500371477
MonoBehaviour:
  m_ObjectHideFlags: 0
  m_PrefabParentObject: {fileID: 0}
  m_PrefabInternal: {fileID: 0}
  m_GameObject: {fileID: 1500371475}
  m_Enabled: 1
  m_EditorHideFlags: 0
  m_Script: {fileID: 1077351063, guid: f5f67c52d1564df4a8936ccd202a3bd8, type: 3}
  m_Name: 
  m_EditorClassIdentifier: 
  m_HorizontalAxis: Horizontal
  m_VerticalAxis: Vertical
  m_SubmitButton: Submit
  m_CancelButton: Cancel
  m_InputActionsPerSecond: 10
  m_RepeatDelay: 0.5
  m_ForceModuleActive: 0
--- !u!114 &1500371478
MonoBehaviour:
  m_ObjectHideFlags: 0
  m_PrefabParentObject: {fileID: 0}
  m_PrefabInternal: {fileID: 0}
  m_GameObject: {fileID: 1500371475}
  m_Enabled: 1
  m_EditorHideFlags: 0
  m_Script: {fileID: -619905303, guid: f5f67c52d1564df4a8936ccd202a3bd8, type: 3}
  m_Name: 
  m_EditorClassIdentifier: 
  m_FirstSelected: {fileID: 0}
  m_sendNavigationEvents: 1
  m_DragThreshold: 5
--- !u!4 &1500371479
Transform:
  m_ObjectHideFlags: 0
  m_PrefabParentObject: {fileID: 0}
  m_PrefabInternal: {fileID: 0}
  m_GameObject: {fileID: 1500371475}
  m_LocalRotation: {x: 0, y: 0, z: 0, w: 1}
  m_LocalPosition: {x: 0, y: 0, z: 0}
  m_LocalScale: {x: 1, y: 1, z: 1}
  m_Children: []
  m_Father: {fileID: 0}
  m_RootOrder: 1
  m_LocalEulerAnglesHint: {x: 0, y: 0, z: 0}
--- !u!1 &1510696710
GameObject:
  m_ObjectHideFlags: 0
  m_PrefabParentObject: {fileID: 196336, guid: f1de4bbb502ee8d409a782814fd8a0f3, type: 2}
  m_PrefabInternal: {fileID: 2069744234}
  serializedVersion: 5
  m_Component:
  - component: {fileID: 1510696711}
  - component: {fileID: 1510696714}
  - component: {fileID: 1510696713}
  - component: {fileID: 1510696712}
  m_Layer: 5
  m_Name: Panel
  m_TagString: Untagged
  m_Icon: {fileID: 0}
  m_NavMeshLayer: 0
  m_StaticEditorFlags: 0
  m_IsActive: 1
--- !u!224 &1510696711
RectTransform:
  m_ObjectHideFlags: 0
  m_PrefabParentObject: {fileID: 22496336, guid: f1de4bbb502ee8d409a782814fd8a0f3,
    type: 2}
  m_PrefabInternal: {fileID: 2069744234}
  m_GameObject: {fileID: 1510696710}
  m_LocalRotation: {x: 0, y: 0, z: 0, w: 1}
  m_LocalPosition: {x: 0, y: 0, z: 0}
  m_LocalScale: {x: 1, y: 1, z: 1}
  m_Children:
  - {fileID: 273866459}
  - {fileID: 738279148}
  - {fileID: 766139602}
  - {fileID: 1221613695}
  - {fileID: 1861894828}
  - {fileID: 818592440}
  - {fileID: 2085469885}
  - {fileID: 169879214}
  - {fileID: 1940715633}
  m_Father: {fileID: 95989696}
  m_RootOrder: 1
  m_LocalEulerAnglesHint: {x: 0, y: 0, z: 0}
  m_AnchorMin: {x: 0.5, y: 0.5}
  m_AnchorMax: {x: 0.5, y: 0.5}
  m_AnchoredPosition: {x: 0, y: 0}
  m_SizeDelta: {x: 640, y: 1136}
  m_Pivot: {x: 0.5, y: 0.5}
--- !u!114 &1510696712
MonoBehaviour:
  m_ObjectHideFlags: 0
  m_PrefabParentObject: {fileID: 11496342, guid: f1de4bbb502ee8d409a782814fd8a0f3,
    type: 2}
  m_PrefabInternal: {fileID: 2069744234}
  m_GameObject: {fileID: 1510696710}
  m_Enabled: 1
  m_EditorHideFlags: 0
  m_Script: {fileID: -1200242548, guid: f5f67c52d1564df4a8936ccd202a3bd8, type: 3}
  m_Name: 
  m_EditorClassIdentifier: 
  m_ShowMaskGraphic: 1
--- !u!114 &1510696713
MonoBehaviour:
  m_ObjectHideFlags: 0
  m_PrefabParentObject: {fileID: 11496344, guid: f1de4bbb502ee8d409a782814fd8a0f3,
    type: 2}
  m_PrefabInternal: {fileID: 2069744234}
  m_GameObject: {fileID: 1510696710}
  m_Enabled: 1
  m_EditorHideFlags: 0
  m_Script: {fileID: -765806418, guid: f5f67c52d1564df4a8936ccd202a3bd8, type: 3}
  m_Name: 
  m_EditorClassIdentifier: 
  m_Material: {fileID: 0}
  m_Color: {r: 0.19432527, g: 0.20025176, b: 0.21176471, a: 1}
  m_RaycastTarget: 1
  m_OnCullStateChanged:
    m_PersistentCalls:
      m_Calls: []
    m_TypeName: UnityEngine.UI.MaskableGraphic+CullStateChangedEvent, UnityEngine.UI,
      Version=1.0.0.0, Culture=neutral, PublicKeyToken=null
  m_Sprite: {fileID: 21300000, guid: 7ed1238760b863f4aafde32ab3a6f28c, type: 3}
  m_Type: 1
  m_PreserveAspect: 0
  m_FillCenter: 1
  m_FillMethod: 4
  m_FillAmount: 1
  m_FillClockwise: 1
  m_FillOrigin: 0
--- !u!222 &1510696714
CanvasRenderer:
  m_ObjectHideFlags: 0
  m_PrefabParentObject: {fileID: 22296336, guid: f1de4bbb502ee8d409a782814fd8a0f3,
    type: 2}
  m_PrefabInternal: {fileID: 2069744234}
  m_GameObject: {fileID: 1510696710}
--- !u!1 &1511305452
GameObject:
  m_ObjectHideFlags: 0
  m_PrefabParentObject: {fileID: 0}
  m_PrefabInternal: {fileID: 0}
  serializedVersion: 5
  m_Component:
  - component: {fileID: 1511305453}
  m_Layer: 0
  m_Name: __SET_YOUR_GAMESCREEN_TO_640x1136
  m_TagString: Untagged
  m_Icon: {fileID: 0}
  m_NavMeshLayer: 0
  m_StaticEditorFlags: 0
  m_IsActive: 1
--- !u!4 &1511305453
Transform:
  m_ObjectHideFlags: 0
  m_PrefabParentObject: {fileID: 0}
  m_PrefabInternal: {fileID: 0}
  m_GameObject: {fileID: 1511305452}
  m_LocalRotation: {x: 0, y: 0, z: 0, w: 1}
  m_LocalPosition: {x: 494.995, y: 627.74, z: 0}
  m_LocalScale: {x: 1, y: 1, z: 1}
  m_Children: []
  m_Father: {fileID: 0}
  m_RootOrder: 2
  m_LocalEulerAnglesHint: {x: 0, y: 0, z: 0}
--- !u!1 &1641124057
GameObject:
  m_ObjectHideFlags: 0
  m_PrefabParentObject: {fileID: 196348, guid: f1de4bbb502ee8d409a782814fd8a0f3, type: 2}
  m_PrefabInternal: {fileID: 2069744234}
  serializedVersion: 5
  m_Component:
  - component: {fileID: 1641124058}
  - component: {fileID: 1641124060}
  - component: {fileID: 1641124059}
  m_Layer: 5
  m_Name: Text
  m_TagString: Untagged
  m_Icon: {fileID: 0}
  m_NavMeshLayer: 0
  m_StaticEditorFlags: 0
  m_IsActive: 1
--- !u!224 &1641124058
RectTransform:
  m_ObjectHideFlags: 0
  m_PrefabParentObject: {fileID: 22496348, guid: f1de4bbb502ee8d409a782814fd8a0f3,
    type: 2}
  m_PrefabInternal: {fileID: 2069744234}
  m_GameObject: {fileID: 1641124057}
  m_LocalRotation: {x: 0, y: 0, z: 0, w: 1}
  m_LocalPosition: {x: 0, y: 0, z: 0}
  m_LocalScale: {x: 1, y: 1, z: 1}
  m_Children: []
  m_Father: {fileID: 818592440}
  m_RootOrder: 1
  m_LocalEulerAnglesHint: {x: 0, y: 0, z: 0}
  m_AnchorMin: {x: 0.5, y: 0.5}
  m_AnchorMax: {x: 0.5, y: 0.5}
  m_AnchoredPosition: {x: 0, y: 10}
  m_SizeDelta: {x: 155.4, y: 122.1}
  m_Pivot: {x: 0.5, y: 0.5}
--- !u!114 &1641124059
MonoBehaviour:
  m_ObjectHideFlags: 0
  m_PrefabParentObject: {fileID: 11496356, guid: f1de4bbb502ee8d409a782814fd8a0f3,
    type: 2}
  m_PrefabInternal: {fileID: 2069744234}
  m_GameObject: {fileID: 1641124057}
  m_Enabled: 1
  m_EditorHideFlags: 0
  m_Script: {fileID: 708705254, guid: f5f67c52d1564df4a8936ccd202a3bd8, type: 3}
  m_Name: 
  m_EditorClassIdentifier: 
  m_Material: {fileID: 0}
  m_Color: {r: 0.99215686, g: 0.4509804, b: 0.44313726, a: 1}
  m_RaycastTarget: 1
  m_OnCullStateChanged:
    m_PersistentCalls:
      m_Calls: []
    m_TypeName: UnityEngine.UI.MaskableGraphic+CullStateChangedEvent, UnityEngine.UI,
      Version=1.0.0.0, Culture=neutral, PublicKeyToken=null
  m_FontData:
    m_Font: {fileID: 12800000, guid: 0302b41c1bd344c75aa27df81f317832, type: 3}
    m_FontSize: 56
    m_FontStyle: 0
    m_BestFit: 0
    m_MinSize: 10
    m_MaxSize: 56
    m_Alignment: 4
    m_AlignByGeometry: 0
    m_RichText: 1
    m_HorizontalOverflow: 0
    m_VerticalOverflow: 0
    m_LineSpacing: 1
  m_Text: 40%
--- !u!222 &1641124060
CanvasRenderer:
  m_ObjectHideFlags: 0
  m_PrefabParentObject: {fileID: 22296348, guid: f1de4bbb502ee8d409a782814fd8a0f3,
    type: 2}
  m_PrefabInternal: {fileID: 2069744234}
  m_GameObject: {fileID: 1641124057}
--- !u!1 &1706391639
GameObject:
  m_ObjectHideFlags: 0
  m_PrefabParentObject: {fileID: 196324, guid: f1de4bbb502ee8d409a782814fd8a0f3, type: 2}
  m_PrefabInternal: {fileID: 2069744234}
  serializedVersion: 5
  m_Component:
  - component: {fileID: 1706391640}
  - component: {fileID: 1706391642}
  - component: {fileID: 1706391641}
  m_Layer: 5
  m_Name: Image
  m_TagString: Untagged
  m_Icon: {fileID: 0}
  m_NavMeshLayer: 0
  m_StaticEditorFlags: 0
  m_IsActive: 1
--- !u!224 &1706391640
RectTransform:
  m_ObjectHideFlags: 0
  m_PrefabParentObject: {fileID: 22496324, guid: f1de4bbb502ee8d409a782814fd8a0f3,
    type: 2}
  m_PrefabInternal: {fileID: 2069744234}
  m_GameObject: {fileID: 1706391639}
  m_LocalRotation: {x: 0, y: 0, z: 0, w: 1}
  m_LocalPosition: {x: 0, y: 0, z: 0}
  m_LocalScale: {x: 1, y: 1, z: 1}
  m_Children: []
  m_Father: {fileID: 623953454}
  m_RootOrder: 0
  m_LocalEulerAnglesHint: {x: 0, y: 0, z: 0}
  m_AnchorMin: {x: 0.5, y: 0.5}
  m_AnchorMax: {x: 0.5, y: 0.5}
  m_AnchoredPosition: {x: 0, y: 0}
  m_SizeDelta: {x: 72, y: 96}
  m_Pivot: {x: 0.5, y: 0.5}
--- !u!114 &1706391641
MonoBehaviour:
  m_ObjectHideFlags: 0
  m_PrefabParentObject: {fileID: 11496326, guid: f1de4bbb502ee8d409a782814fd8a0f3,
    type: 2}
  m_PrefabInternal: {fileID: 2069744234}
  m_GameObject: {fileID: 1706391639}
  m_Enabled: 1
  m_EditorHideFlags: 0
  m_Script: {fileID: -765806418, guid: f5f67c52d1564df4a8936ccd202a3bd8, type: 3}
  m_Name: 
  m_EditorClassIdentifier: 
  m_Material: {fileID: 0}
  m_Color: {r: 0.99215686, g: 0.4509804, b: 0.44313726, a: 1}
  m_RaycastTarget: 1
  m_OnCullStateChanged:
    m_PersistentCalls:
      m_Calls: []
    m_TypeName: UnityEngine.UI.MaskableGraphic+CullStateChangedEvent, UnityEngine.UI,
      Version=1.0.0.0, Culture=neutral, PublicKeyToken=null
  m_Sprite: {fileID: 21300000, guid: fb6814f50822dea4fad9a97dc6bd8e67, type: 3}
  m_Type: 0
  m_PreserveAspect: 0
  m_FillCenter: 1
  m_FillMethod: 4
  m_FillAmount: 1
  m_FillClockwise: 1
  m_FillOrigin: 0
--- !u!222 &1706391642
CanvasRenderer:
  m_ObjectHideFlags: 0
  m_PrefabParentObject: {fileID: 22296324, guid: f1de4bbb502ee8d409a782814fd8a0f3,
    type: 2}
  m_PrefabInternal: {fileID: 2069744234}
  m_GameObject: {fileID: 1706391639}
--- !u!1 &1861894827
GameObject:
  m_ObjectHideFlags: 0
  m_PrefabParentObject: {fileID: 196326, guid: f1de4bbb502ee8d409a782814fd8a0f3, type: 2}
  m_PrefabInternal: {fileID: 2069744234}
  serializedVersion: 5
  m_Component:
  - component: {fileID: 1861894828}
  - component: {fileID: 1861894831}
  - component: {fileID: 1861894830}
  - component: {fileID: 1861894829}
  m_Layer: 5
  m_Name: Button
  m_TagString: Untagged
  m_Icon: {fileID: 0}
  m_NavMeshLayer: 0
  m_StaticEditorFlags: 0
  m_IsActive: 1
--- !u!224 &1861894828
RectTransform:
  m_ObjectHideFlags: 0
  m_PrefabParentObject: {fileID: 22496326, guid: f1de4bbb502ee8d409a782814fd8a0f3,
    type: 2}
  m_PrefabInternal: {fileID: 2069744234}
  m_GameObject: {fileID: 1861894827}
  m_LocalRotation: {x: 0, y: 0, z: 1, w: -0.00000004371139}
  m_LocalPosition: {x: 0, y: 0, z: 0}
  m_LocalScale: {x: 0.8, y: 0.8, z: 1}
  m_Children:
  - {fileID: 62934355}
  m_Father: {fileID: 1510696711}
  m_RootOrder: 4
  m_LocalEulerAnglesHint: {x: 0, y: 0, z: 0}
  m_AnchorMin: {x: 0.5, y: 0.5}
  m_AnchorMax: {x: 0.5, y: 0.5}
  m_AnchoredPosition: {x: -145.5, y: 381}
  m_SizeDelta: {x: 303.7, y: 100}
  m_Pivot: {x: 0.5, y: 0.5}
--- !u!114 &1861894829
MonoBehaviour:
  m_ObjectHideFlags: 0
  m_PrefabParentObject: {fileID: 11496328, guid: f1de4bbb502ee8d409a782814fd8a0f3,
    type: 2}
  m_PrefabInternal: {fileID: 2069744234}
  m_GameObject: {fileID: 1861894827}
  m_Enabled: 1
  m_EditorHideFlags: 0
  m_Script: {fileID: 1392445389, guid: f5f67c52d1564df4a8936ccd202a3bd8, type: 3}
  m_Name: 
  m_EditorClassIdentifier: 
  m_Navigation:
    m_Mode: 3
    m_SelectOnUp: {fileID: 0}
    m_SelectOnDown: {fileID: 0}
    m_SelectOnLeft: {fileID: 0}
    m_SelectOnRight: {fileID: 0}
  m_Transition: 1
  m_Colors:
    m_NormalColor: {r: 1, g: 1, b: 1, a: 1}
    m_HighlightedColor: {r: 0.9607843, g: 0.9607843, b: 0.9607843, a: 1}
    m_PressedColor: {r: 0.78431374, g: 0.78431374, b: 0.78431374, a: 1}
    m_DisabledColor: {r: 0.78431374, g: 0.78431374, b: 0.78431374, a: 0.5019608}
    m_ColorMultiplier: 1
    m_FadeDuration: 0.1
  m_SpriteState:
    m_HighlightedSprite: {fileID: 0}
    m_PressedSprite: {fileID: 0}
    m_DisabledSprite: {fileID: 0}
  m_AnimationTriggers:
    m_NormalTrigger: Normal
    m_HighlightedTrigger: Highlighted
    m_PressedTrigger: Pressed
    m_DisabledTrigger: Disabled
  m_Interactable: 1
  m_TargetGraphic: {fileID: 1861894830}
  m_OnClick:
    m_PersistentCalls:
      m_Calls: []
    m_TypeName: UnityEngine.UI.Button+ButtonClickedEvent, UnityEngine.UI, Version=1.0.0.0,
      Culture=neutral, PublicKeyToken=null
--- !u!114 &1861894830
MonoBehaviour:
  m_ObjectHideFlags: 0
  m_PrefabParentObject: {fileID: 11496330, guid: f1de4bbb502ee8d409a782814fd8a0f3,
    type: 2}
  m_PrefabInternal: {fileID: 2069744234}
  m_GameObject: {fileID: 1861894827}
  m_Enabled: 1
  m_EditorHideFlags: 0
  m_Script: {fileID: -765806418, guid: f5f67c52d1564df4a8936ccd202a3bd8, type: 3}
  m_Name: 
  m_EditorClassIdentifier: 
  m_Material: {fileID: 0}
  m_Color: {r: 0.17165874, g: 0.9338235, b: 0.55536926, a: 1}
  m_RaycastTarget: 1
  m_OnCullStateChanged:
    m_PersistentCalls:
      m_Calls: []
    m_TypeName: UnityEngine.UI.MaskableGraphic+CullStateChangedEvent, UnityEngine.UI,
      Version=1.0.0.0, Culture=neutral, PublicKeyToken=null
  m_Sprite: {fileID: 21300000, guid: e2d222ff67f498a4ba4efc3d7ee2986a, type: 3}
  m_Type: 1
  m_PreserveAspect: 0
  m_FillCenter: 1
  m_FillMethod: 4
  m_FillAmount: 1
  m_FillClockwise: 1
  m_FillOrigin: 0
--- !u!222 &1861894831
CanvasRenderer:
  m_ObjectHideFlags: 0
  m_PrefabParentObject: {fileID: 22296326, guid: f1de4bbb502ee8d409a782814fd8a0f3,
    type: 2}
  m_PrefabInternal: {fileID: 2069744234}
  m_GameObject: {fileID: 1861894827}
--- !u!1 &1886939188
GameObject:
  m_ObjectHideFlags: 0
  m_PrefabParentObject: {fileID: 196360, guid: f1de4bbb502ee8d409a782814fd8a0f3, type: 2}
  m_PrefabInternal: {fileID: 2069744234}
  serializedVersion: 5
  m_Component:
  - component: {fileID: 1886939189}
  - component: {fileID: 1886939191}
  - component: {fileID: 1886939190}
  m_Layer: 5
  m_Name: Text
  m_TagString: Untagged
  m_Icon: {fileID: 0}
  m_NavMeshLayer: 0
  m_StaticEditorFlags: 0
  m_IsActive: 1
--- !u!224 &1886939189
RectTransform:
  m_ObjectHideFlags: 0
  m_PrefabParentObject: {fileID: 22496360, guid: f1de4bbb502ee8d409a782814fd8a0f3,
    type: 2}
  m_PrefabInternal: {fileID: 2069744234}
  m_GameObject: {fileID: 1886939188}
  m_LocalRotation: {x: 0, y: 0, z: 0, w: 1}
  m_LocalPosition: {x: 0, y: 0, z: 0}
  m_LocalScale: {x: 1, y: 1, z: 1}
  m_Children: []
  m_Father: {fileID: 818592440}
  m_RootOrder: 2
  m_LocalEulerAnglesHint: {x: 0, y: 0, z: 0}
  m_AnchorMin: {x: 0.5, y: 0.5}
  m_AnchorMax: {x: 0.5, y: 0.5}
  m_AnchoredPosition: {x: 0, y: -27.5}
  m_SizeDelta: {x: 112.9, y: 35.7}
  m_Pivot: {x: 0.5, y: 0.5}
--- !u!114 &1886939190
MonoBehaviour:
  m_ObjectHideFlags: 0
  m_PrefabParentObject: {fileID: 11496370, guid: f1de4bbb502ee8d409a782814fd8a0f3,
    type: 2}
  m_PrefabInternal: {fileID: 2069744234}
  m_GameObject: {fileID: 1886939188}
  m_Enabled: 1
  m_EditorHideFlags: 0
  m_Script: {fileID: 708705254, guid: f5f67c52d1564df4a8936ccd202a3bd8, type: 3}
  m_Name: 
  m_EditorClassIdentifier: 
  m_Material: {fileID: 0}
  m_Color: {r: 0.8308824, g: 0.8308824, b: 0.8308824, a: 1}
  m_RaycastTarget: 1
  m_OnCullStateChanged:
    m_PersistentCalls:
      m_Calls: []
    m_TypeName: UnityEngine.UI.MaskableGraphic+CullStateChangedEvent, UnityEngine.UI,
      Version=1.0.0.0, Culture=neutral, PublicKeyToken=null
  m_FontData:
    m_Font: {fileID: 12800000, guid: 218956a5c2a6e42d6a60afccf80b002b, type: 3}
    m_FontSize: 20
    m_FontStyle: 0
    m_BestFit: 0
    m_MinSize: 10
    m_MaxSize: 40
    m_Alignment: 4
    m_AlignByGeometry: 0
    m_RichText: 1
    m_HorizontalOverflow: 0
    m_VerticalOverflow: 0
    m_LineSpacing: 1
  m_Text: Steps
--- !u!222 &1886939191
CanvasRenderer:
  m_ObjectHideFlags: 0
  m_PrefabParentObject: {fileID: 22296360, guid: f1de4bbb502ee8d409a782814fd8a0f3,
    type: 2}
  m_PrefabInternal: {fileID: 2069744234}
  m_GameObject: {fileID: 1886939188}
--- !u!1 &1940715632
GameObject:
  m_ObjectHideFlags: 0
  m_PrefabParentObject: {fileID: 196362, guid: f1de4bbb502ee8d409a782814fd8a0f3, type: 2}
  m_PrefabInternal: {fileID: 2069744234}
  serializedVersion: 5
  m_Component:
  - component: {fileID: 1940715633}
  - component: {fileID: 1940715635}
  - component: {fileID: 1940715634}
  m_Layer: 5
  m_Name: FillingObject
  m_TagString: Untagged
  m_Icon: {fileID: 0}
  m_NavMeshLayer: 0
  m_StaticEditorFlags: 0
  m_IsActive: 1
--- !u!224 &1940715633
RectTransform:
  m_ObjectHideFlags: 0
  m_PrefabParentObject: {fileID: 22496362, guid: f1de4bbb502ee8d409a782814fd8a0f3,
    type: 2}
  m_PrefabInternal: {fileID: 2069744234}
  m_GameObject: {fileID: 1940715632}
  m_LocalRotation: {x: 0, y: 0, z: 0, w: 1}
  m_LocalPosition: {x: 0, y: 0, z: 0}
  m_LocalScale: {x: 1, y: 1, z: 1}
  m_Children:
  - {fileID: 623953454}
  - {fileID: 198238677}
  - {fileID: 59418636}
  m_Father: {fileID: 1510696711}
  m_RootOrder: 8
  m_LocalEulerAnglesHint: {x: 0, y: 0, z: 0}
  m_AnchorMin: {x: 0.5, y: 0.5}
  m_AnchorMax: {x: 0.5, y: 0.5}
  m_AnchoredPosition: {x: 150, y: -211}
  m_SizeDelta: {x: 212, y: 212}
  m_Pivot: {x: 0.5, y: 0.5}
--- !u!114 &1940715634
MonoBehaviour:
  m_ObjectHideFlags: 0
  m_PrefabParentObject: {fileID: 11496372, guid: f1de4bbb502ee8d409a782814fd8a0f3,
    type: 2}
  m_PrefabInternal: {fileID: 2069744234}
  m_GameObject: {fileID: 1940715632}
  m_Enabled: 1
  m_EditorHideFlags: 0
  m_Script: {fileID: -765806418, guid: f5f67c52d1564df4a8936ccd202a3bd8, type: 3}
  m_Name: 
  m_EditorClassIdentifier: 
  m_Material: {fileID: 0}
  m_Color: {r: 0.13854672, g: 0.14440073, b: 0.15294118, a: 1}
  m_RaycastTarget: 1
  m_OnCullStateChanged:
    m_PersistentCalls:
      m_Calls: []
    m_TypeName: UnityEngine.UI.MaskableGraphic+CullStateChangedEvent, UnityEngine.UI,
      Version=1.0.0.0, Culture=neutral, PublicKeyToken=null
  m_Sprite: {fileID: 21300000, guid: 0796c5d7e7e637d40a42ad4deab007c5, type: 3}
  m_Type: 3
  m_PreserveAspect: 0
  m_FillCenter: 1
  m_FillMethod: 4
  m_FillAmount: 1
  m_FillClockwise: 1
  m_FillOrigin: 2
--- !u!222 &1940715635
CanvasRenderer:
  m_ObjectHideFlags: 0
  m_PrefabParentObject: {fileID: 22296362, guid: f1de4bbb502ee8d409a782814fd8a0f3,
    type: 2}
  m_PrefabInternal: {fileID: 2069744234}
  m_GameObject: {fileID: 1940715632}
--- !u!1001 &2069744234
Prefab:
  m_ObjectHideFlags: 0
  serializedVersion: 2
  m_Modification:
    m_TransformParent: {fileID: 0}
    m_Modifications:
    - target: {fileID: 22496332, guid: f1de4bbb502ee8d409a782814fd8a0f3, type: 2}
      propertyPath: m_LocalPosition.x
      value: 0
      objectReference: {fileID: 0}
    - target: {fileID: 22496332, guid: f1de4bbb502ee8d409a782814fd8a0f3, type: 2}
      propertyPath: m_LocalPosition.y
      value: 0
      objectReference: {fileID: 0}
    - target: {fileID: 22496332, guid: f1de4bbb502ee8d409a782814fd8a0f3, type: 2}
      propertyPath: m_LocalPosition.z
      value: 0
      objectReference: {fileID: 0}
    - target: {fileID: 22496332, guid: f1de4bbb502ee8d409a782814fd8a0f3, type: 2}
      propertyPath: m_LocalRotation.x
      value: 0
      objectReference: {fileID: 0}
    - target: {fileID: 22496332, guid: f1de4bbb502ee8d409a782814fd8a0f3, type: 2}
      propertyPath: m_LocalRotation.y
      value: 0
      objectReference: {fileID: 0}
    - target: {fileID: 22496332, guid: f1de4bbb502ee8d409a782814fd8a0f3, type: 2}
      propertyPath: m_LocalRotation.z
      value: 0
      objectReference: {fileID: 0}
    - target: {fileID: 22496332, guid: f1de4bbb502ee8d409a782814fd8a0f3, type: 2}
      propertyPath: m_LocalRotation.w
      value: 1
      objectReference: {fileID: 0}
    - target: {fileID: 22496332, guid: f1de4bbb502ee8d409a782814fd8a0f3, type: 2}
      propertyPath: m_RootOrder
      value: 0
      objectReference: {fileID: 0}
    - target: {fileID: 22496332, guid: f1de4bbb502ee8d409a782814fd8a0f3, type: 2}
      propertyPath: m_AnchoredPosition.x
      value: 0
      objectReference: {fileID: 0}
    - target: {fileID: 22496332, guid: f1de4bbb502ee8d409a782814fd8a0f3, type: 2}
      propertyPath: m_AnchoredPosition.y
      value: 0
      objectReference: {fileID: 0}
    - target: {fileID: 22496332, guid: f1de4bbb502ee8d409a782814fd8a0f3, type: 2}
      propertyPath: m_SizeDelta.x
      value: 0
      objectReference: {fileID: 0}
    - target: {fileID: 22496332, guid: f1de4bbb502ee8d409a782814fd8a0f3, type: 2}
      propertyPath: m_SizeDelta.y
      value: 0
      objectReference: {fileID: 0}
    - target: {fileID: 22496332, guid: f1de4bbb502ee8d409a782814fd8a0f3, type: 2}
      propertyPath: m_AnchorMin.x
      value: 0
      objectReference: {fileID: 0}
    - target: {fileID: 22496332, guid: f1de4bbb502ee8d409a782814fd8a0f3, type: 2}
      propertyPath: m_AnchorMin.y
      value: 0
      objectReference: {fileID: 0}
    - target: {fileID: 22496332, guid: f1de4bbb502ee8d409a782814fd8a0f3, type: 2}
      propertyPath: m_AnchorMax.x
      value: 0
      objectReference: {fileID: 0}
    - target: {fileID: 22496332, guid: f1de4bbb502ee8d409a782814fd8a0f3, type: 2}
      propertyPath: m_AnchorMax.y
      value: 0
      objectReference: {fileID: 0}
    - target: {fileID: 22496332, guid: f1de4bbb502ee8d409a782814fd8a0f3, type: 2}
      propertyPath: m_Pivot.x
      value: 0
      objectReference: {fileID: 0}
    - target: {fileID: 22496332, guid: f1de4bbb502ee8d409a782814fd8a0f3, type: 2}
      propertyPath: m_Pivot.y
      value: 0
      objectReference: {fileID: 0}
    m_RemovedComponents: []
  m_ParentPrefab: {fileID: 100100000, guid: f1de4bbb502ee8d409a782814fd8a0f3, type: 2}
  m_RootGameObject: {fileID: 95989691}
  m_IsPrefabParent: 0
--- !u!1 &2085469884
GameObject:
  m_ObjectHideFlags: 0
  m_PrefabParentObject: {fileID: 196304, guid: f1de4bbb502ee8d409a782814fd8a0f3, type: 2}
  m_PrefabInternal: {fileID: 2069744234}
  serializedVersion: 5
  m_Component:
  - component: {fileID: 2085469885}
  - component: {fileID: 2085469887}
  - component: {fileID: 2085469886}
  m_Layer: 5
  m_Name: FillingObject
  m_TagString: Untagged
  m_Icon: {fileID: 0}
  m_NavMeshLayer: 0
  m_StaticEditorFlags: 0
  m_IsActive: 1
--- !u!224 &2085469885
RectTransform:
  m_ObjectHideFlags: 0
  m_PrefabParentObject: {fileID: 22496304, guid: f1de4bbb502ee8d409a782814fd8a0f3,
    type: 2}
  m_PrefabInternal: {fileID: 2069744234}
  m_GameObject: {fileID: 2085469884}
  m_LocalRotation: {x: 0, y: 0, z: 0, w: 1}
  m_LocalPosition: {x: 0, y: 0, z: 0}
  m_LocalScale: {x: 1, y: 1, z: 1}
  m_Children:
  - {fileID: 1113902879}
  - {fileID: 1241161155}
  - {fileID: 1014577440}
  - {fileID: 90668561}
  m_Father: {fileID: 1510696711}
  m_RootOrder: 6
  m_LocalEulerAnglesHint: {x: 0, y: 0, z: 0}
  m_AnchorMin: {x: 0.5, y: 0.5}
  m_AnchorMax: {x: 0.5, y: 0.5}
  m_AnchoredPosition: {x: 150, y: 140}
  m_SizeDelta: {x: 212, y: 212}
  m_Pivot: {x: 0.5, y: 0.5}
--- !u!114 &2085469886
MonoBehaviour:
  m_ObjectHideFlags: 0
  m_PrefabParentObject: {fileID: 11496304, guid: f1de4bbb502ee8d409a782814fd8a0f3,
    type: 2}
  m_PrefabInternal: {fileID: 2069744234}
  m_GameObject: {fileID: 2085469884}
  m_Enabled: 1
  m_EditorHideFlags: 0
  m_Script: {fileID: -765806418, guid: f5f67c52d1564df4a8936ccd202a3bd8, type: 3}
  m_Name: 
  m_EditorClassIdentifier: 
  m_Material: {fileID: 0}
  m_Color: {r: 0.13854672, g: 0.14440073, b: 0.15294118, a: 1}
  m_RaycastTarget: 1
  m_OnCullStateChanged:
    m_PersistentCalls:
      m_Calls: []
    m_TypeName: UnityEngine.UI.MaskableGraphic+CullStateChangedEvent, UnityEngine.UI,
      Version=1.0.0.0, Culture=neutral, PublicKeyToken=null
  m_Sprite: {fileID: 21300000, guid: 0796c5d7e7e637d40a42ad4deab007c5, type: 3}
  m_Type: 3
  m_PreserveAspect: 0
  m_FillCenter: 1
  m_FillMethod: 4
  m_FillAmount: 1
  m_FillClockwise: 1
  m_FillOrigin: 2
--- !u!222 &2085469887
CanvasRenderer:
  m_ObjectHideFlags: 0
  m_PrefabParentObject: {fileID: 22296304, guid: f1de4bbb502ee8d409a782814fd8a0f3,
    type: 2}
  m_PrefabInternal: {fileID: 2069744234}
  m_GameObject: {fileID: 2085469884}
--- !u!1 &2147379600
GameObject:
  m_ObjectHideFlags: 0
  m_PrefabParentObject: {fileID: 196302, guid: f1de4bbb502ee8d409a782814fd8a0f3, type: 2}
  m_PrefabInternal: {fileID: 2069744234}
  serializedVersion: 5
  m_Component:
  - component: {fileID: 2147379601}
  - component: {fileID: 2147379603}
  - component: {fileID: 2147379602}
  m_Layer: 5
  m_Name: Text
  m_TagString: Untagged
  m_Icon: {fileID: 0}
  m_NavMeshLayer: 0
  m_StaticEditorFlags: 0
  m_IsActive: 1
--- !u!224 &2147379601
RectTransform:
  m_ObjectHideFlags: 0
  m_PrefabParentObject: {fileID: 22496302, guid: f1de4bbb502ee8d409a782814fd8a0f3,
    type: 2}
  m_PrefabInternal: {fileID: 2069744234}
  m_GameObject: {fileID: 2147379600}
  m_LocalRotation: {x: 0, y: 0, z: 0, w: 1}
  m_LocalPosition: {x: 0, y: 0, z: 0}
  m_LocalScale: {x: 1, y: 1, z: 1}
  m_Children: []
  m_Father: {fileID: 169879214}
  m_RootOrder: 2
  m_LocalEulerAnglesHint: {x: 0, y: 0, z: 0}
  m_AnchorMin: {x: 0.5, y: 0.5}
  m_AnchorMax: {x: 0.5, y: 0.5}
  m_AnchoredPosition: {x: 0, y: -189}
  m_SizeDelta: {x: 198, y: 42}
  m_Pivot: {x: 0.5, y: 0.5}
--- !u!114 &2147379602
MonoBehaviour:
  m_ObjectHideFlags: 0
  m_PrefabParentObject: {fileID: 11496302, guid: f1de4bbb502ee8d409a782814fd8a0f3,
    type: 2}
  m_PrefabInternal: {fileID: 2069744234}
  m_GameObject: {fileID: 2147379600}
  m_Enabled: 1
  m_EditorHideFlags: 0
  m_Script: {fileID: 708705254, guid: f5f67c52d1564df4a8936ccd202a3bd8, type: 3}
  m_Name: 
  m_EditorClassIdentifier: 
  m_Material: {fileID: 0}
  m_Color: {r: 0.49264705, g: 0.49264705, b: 0.49264705, a: 1}
  m_RaycastTarget: 1
  m_OnCullStateChanged:
    m_PersistentCalls:
      m_Calls: []
    m_TypeName: UnityEngine.UI.MaskableGraphic+CullStateChangedEvent, UnityEngine.UI,
      Version=1.0.0.0, Culture=neutral, PublicKeyToken=null
  m_FontData:
    m_Font: {fileID: 12800000, guid: 218956a5c2a6e42d6a60afccf80b002b, type: 3}
    m_FontSize: 19
    m_FontStyle: 0
    m_BestFit: 0
    m_MinSize: 10
    m_MaxSize: 40
    m_Alignment: 4
    m_AlignByGeometry: 0
    m_RichText: 1
    m_HorizontalOverflow: 0
    m_VerticalOverflow: 0
    m_LineSpacing: 1
  m_Text: READY TO GO
--- !u!222 &2147379603
CanvasRenderer:
  m_ObjectHideFlags: 0
  m_PrefabParentObject: {fileID: 22296302, guid: f1de4bbb502ee8d409a782814fd8a0f3,
    type: 2}
  m_PrefabInternal: {fileID: 2069744234}
  m_GameObject: {fileID: 2147379600}
